Workbook
Name divisor: Belegung!$E$20
Name eeadivisor: Gesamtkalkulation!$F$11
Name pnk: Personalaufwendungen!$I$55
Name risiko: Personalaufwendungen!$I$59

Sheet Allgemeine Angaben
A1: Aufforderung zum Abschluss einer Pflegesatzvereinbarung gemäß §§ 84, 85 SGB XI | P1: Stand: 15.05.2019 | R1: Stand: 03.07.2019 | T1: Stand: 01.08.2019 | V1: 43691
A2: Allgemeine Angaben | P2: Stand: 20.05.2019/21.05.2019 | T2: Stand: 13.08.2019 | V2: 43698
A3: =IF(D11>0,CONCATENATE(D11,", ",D15),"") | P3: Stand: 22.5.19 - Reihenfolge und Links angespasst (Personalaufwendungen….) | V3: 43699
B4: =IF(L6>0,CONCATENATE("IK"," ",L6),"") | K4: Antrag vom: | P4: Stand: 29.05.2019 Stand: 04.06.2019 | S4: 43622 | T4: 43711 | U4: 43712 | V4: 25.09.2019 dtr. Schutz im Personalaufwendungenblatt Zellen I62 und I64
A5: 43745 | L5: =IF(L4<>0,"","Antragsdatum bitte angeben") -> Antragsdatum bitte angeben | P5: dtr Stand 23.9.19 - Blatt Beförderung gelöscht | V5: 1.10.2019 dtr. Schutz im Personaaufwendungen Zelle J57
B6: Art der Einrichtung: | K6: Institutionskennzeichen: | P6: bi/Drop Down - Liste für Zelle D6 angepasst: teilstationäre Pflege und KZP entfernt aus Liste | V6: 7.10.2019 dtr. Schutz im Personalkostenaufstellung Zellen N110:N116 entfernt und Formeln gelöscht
D7: =IF(D6>0,IF(D6="teilstationäre Pflege","tst",IF(D6="Kurzzeitpflege","kzp","vst")),"") | F7: =IF(D6="4. Generation","4.","") | P7: bi/Plausifeld in Zelle E7 entfernt: =WENN(D6>0;WENN(D6="Wohnpflegeheim";"WPH";"")) | V7: 3.1.20 dtr. Blatt Versionsinfo in offizieller Version ausgeblendet
V8: 15.1.20 dtr Blatt Belegung Schreibschutz in Zellen F26-F31 entfernt
B9: Allgemeine Angaben zur Pflegeeinrichtung und zum Träger
D10: =IF(AND(D6=0,D11<>0),"bitte wählen Sie noch die Art der Einrichtung aus","") | P10: bi/Zelle A4 nicht mehr verbunden von A bis M
B11: Pflegeeinrichtung: | P11: Formel zur Abbildung IK: =WENN(L6>0;VERKETTEN("IK";" ";L6);"") von A4 in B4 übernommen
D12: Name der Einrichtung | P12: in Zelle K4+L-M4 Erfassungsfeld für Antragsdatum neu eingefügt
D14: Straße | P14: bi/in Zelle L5 = Plausifeld eingefügt, Antragsdatum = Pflichtfeld
D16: PLZ, Ort
D18: Telefon | J18: Fax
D20: E-Mail | J20: Web-Adresse
D22: Einrichtungsleitung | J22: PDL
B25: In Trägerschaft von:
D26: Name des Trägers
D28: Straße
D30: PLZ, Ort
D32: Telefon | J32: Fax
D34: E-Mail | J34: Web-Adresse
D36: Ansprechpartner/ Funktion
B38: Zugehörigkeit zu einer Vereinigung von Trägern von stationären Pflegeeinrichtungen im Land
G40: Wenn ja, welche?
B42: Hiermit erteilen wir o.g. Vereinigung Verhandlungsmandat
B44: Platzzahl der Pflegeeinrichtung entsprechend des Versorgungsvertrages:
B45: Platzzahl der angebundenen Kurzzeitpflegeeinrichtung lt. Versorgungsvertrag
B46: Pflegeeinrichtungskonzeption Stand: | L46: ist als Anlage beigefügt
B48: Vereinbarungszeitraum : | F48: von | J48: bis
H49: =IF(H48<L4,"Vereinbarungsbeginn liegt vor Antragstellung","") | P49: bi/in Zelle H49 Plausifeld eingefügt: sofern Vereinbarungsbeginn vor Antragstellung liegt => Hinweis"Vereinbarungsbeginn liegt vor Antragstellung"
B50: Parteien der Pflegesatzvereinbarung (gem. § 85 Abs. 2 SGB XI)
C52: Pflegekassen
C53: AOK PLUS | H53: Anteil in %
C54: vdek | H54: Anteil in %
C55: BKK | H55: Anteil in %
C56: IKK | H56: Anteil in %
C57: Knappschaft | H57: Anteil in %
C58: PKV | H58: Anteil in %
C59: Sonstige Sozialversicherungsträger | H59: Anteil in %
H61: davon Träger der Sozialhilfe in %
K62: =IF(AND(H48>0,K61<5),"Mappe 'Allgemeine Angaben' und Mappe 'Forderung' an den KSV senden!","")
B69: Nachrichtliche Angaben zum Zeitpunkt der Antragstellung und nicht Gegenstand dieses Antrages | P69: bi/ Felder für nachrichtlichtlich Investitionskosten aus Antrag entfernt, dafür aber nachrichtliche Information zur Ausbildung eingefügt (Ausbildung/Praktikumsbetrieb ja/nein// Zuwendungen aus Ausgleichsfond erhalten ja/nein)
B71: Ausbildungsbetrieb und/oder Praktikumsbetrieb nach dem Pflegeberufegesetz | P71: bi/Felder für weitere nachrichtliche Angaben eingefügt => Personal Pflegestärkungsgestz => § 132g SGB XI
B73: zusätzliches Personal nach § 8 Abs. 6 SGB XI
B75: Angebot gesundheitliche Versorgungsplanung in der letzten Lebensphase (§132g SGB V) | P75: Zelle B72 korr. Bezeichnung §132 g SGB V
D79: gehe weiter zu Belegung

Sheet Belegung
A1: ='Allgemeine Angaben'!A1:N1 -> Aufforderung zum Abschluss einer Pflegesatzvereinbarung gemäß §§ 84, 85 SGB XI | I1: 43600 | J1: dtr 06.09.2019: Schutz von Zellen:D8, Zeilen 10, 37, 46 und Entfernen der bedingten Formatierung Zeile 10/11
A2: Belegungsdaten | I2: 43605
A3: ='Allgemeine Angaben'!A3:N3 | I3: 43607
B4: ='Allgemeine Angaben'!B4 | E4: ='Allgemeine Angaben'!K4 -> Antrag vom: | F4: ='Allgemeine Angaben'!L4 -> 0 | I4: 43620
I5: bi/ Änderungen in der Kopzeile Zeile 4 von Allgemeinen Angaben übernommen | N5: Bezüge zu Blatt Allgemeine Angaben hergestellt
B6: Art der Einrichtung: | D6: =IF('Allgemeine Angaben'!D6:G6>0,'Allgemeine Angaben'!D6:G6,"") | F6: kalkulatorischer Auslastungsgrad: | I6: bi/Hinweisfeld in Zelle G6 angepasst auf vst. PE
G7: =IF(G6=0,"",IF(G6>0,IF(AND('Allgemeine Angaben'!D7="vst",G6>95.9)=TRUE,"",IF(AND('Allgemeine Angaben'!D7="kzp",G6>89.9)=TRUE,"",IF(AND('Allgemeine Angaben'!D7="tst",G6>84.9)=TRUE,"","Auslastung nicht plausibel")))))
B8: jährliche Öffnungstage: | D8: 365 | I8: bi/ Zelle D8 = 365 Tage (Auswahlmöglichkeit gelöscht)
I9: bi/ Zelle E8 = Plausiformel Einrichtungsart zu Öffnungstagen gelöscht => stat. PE immer 365 Tage
I12: bi/Zelle G6 => grundsätzl. bei vst. 96% => bleibt aber weiter Eingabefeld => desh. auch keine Änderung des PlausiFeldes G7
B13: Belegungsdaten
C15: letzte 12 Monate | D15: Stichtag (Datum) | E15: Prognose ab:
B16: von: | E16: =IF('Allgemeine Angaben'!H48>0,'Allgemeine Angaben'!H48,"")
B17: bis: | D17: =IF(DATEDIF(D16,'Allgemeine Angaben'!L4,"m")>3,"Stichtag darf nicht mehr als 3 Monate vor Datum der Antragstellung liegen, bitte korrigieren","") | I17: bi/in ZelleD17 PlausiFeld eingefügt, sofern Stichtag mehr als 3 Monate vor Antragstellung liegt, erfolgt ein Hinweis - Antragsstellungsdatum = Datum in der Forderung
I18: bi/ZelleD17 Formel angepasst bisher: =WENN(DATEDIF(D16;'Forderung'!B74;"m")>3;"Stichtag liegt mehr als 3 Monate vor Antragstellung zurück, bitte korrigieren";"") neu: =WENN(DATEDIF(D16;'Allgemeine Angaben'!L4;"m")>3;"Stichtag liegt mehr als 3 Monate vor Antragstellung zurück, bitte korrigieren";"")
E19: Belegungstage/Jahr
E20: =IF(ISERROR('Allgemeine Angaben'!L44*G6*D8/100),"",'Allgemeine Angaben'!L44*G6*D8/100) -> 0 | I20: bi/Hinweistext analog Fr. Füge in Zelle D17 angepasst
B22: Pflegegrad | C22: Belegungstage | D22: Pflegebedürftige | E22: Pflegebedürftige | F22: Pflegebedürftige
C23: in den letzten 12 Kalendermonaten | D23: zum Stichtag | E23: prognostisch ab | F23: angebundene KZP prognostisch ab
D24: =IF(D16>0,D16,"") | E24: =IF(E16>0,E16,"") | F24: =IF('Allgemeine Angaben'!L45>0,E16,"")
B26: 1
B27: 2 | I27: bi/ Hinweisfelder zum Eintragen der Belegung in PG2 bis PG4 als Pflichtangabe für teilstationäre Pflege und KZP gelöscht/ stat. entbehrlich
B28: 3 | I28: 15.1.20 dtr Blatt Belegung Schreibschutz in Zellen F26-F31 entfernt
B29: 4
B30: 5
B32: Summe | C32: =SUM(C26:C30) -> 0 | D32: =SUM(D26:D30) -> 0 | E32: =SUM(E26:E30) -> 0 | F32: =SUM(F26:F30) -> 0
E34: =IF(E32>0,IF(E32<>'Allgemeine Angaben'!L44,"Prognose entspricht nicht Platzzahl",""),"")
B35: Belegungstage - 6 Kalendermonate rückwirkend ab Stichtag
B37: Monat/Jahr | C37: =KAT!D24 | D37: =KAT!D25 | E37: =KAT!D26 | I37: bi/Zelle C37;D37;E37 + C46;C46;E46 => Bezug zu Tab. KAT, in Tab KAT Berechnung der 6 Kalendermonate rückwirkend ab dem Stichtag
B38: Pflegegrad | C38: Belegungstage | D38: Belegungstage | E38: Belegungstage
B39: 1
B40: 2
B41: 3
B42: 4
B43: 5
B44: Summe | C44: =SUM(C39:C43) -> 0 | D44: =SUM(D39:D43) -> 0 | E44: =SUM(E39:E43) -> 0
B46: Monat/Jahr | C46: =KAT!D27 | D46: =KAT!D28 | E46: =KAT!D29
B47: Pflegegrad | C47: Belegungstage | D47: Belegungstage | E47: Belegungstage
B48: 1
B49: 2
B50: 3
B51: 4
B52: 5
B53: Summe | C53: =SUM(C48:C52) -> 0 | D53: =SUM(D48:D52) -> 0 | E53: =SUM(E48:E52) -> 0
B55: Besondere Versorgungssituation
E57: Anzahl Pflegebedürftige
E58: (Stichtag) | F58: (Prognose)
B60: Pflegebedürftige im Wachkoma (Phase F)
B61: dauerhaft beatmungspflichtige Pflegebedürftige (ohne Phase F)
B62: Pflegebedürftige mit Ernährungssonde
B63: Sonstige (*siehe Hinweisblatt):
B64: Sonstige (*siehe Hinweisblatt):
B68: gehe weiter zu Personalkostenaufstellung | I68: 43607 | J68: Link angepasst - PK-Aufstellung vor Personalaufwendungen

Sheet Personalkostenaufstellung
A1: Personalkostenaufstellung nach Tätigkeit und Vergütungsgruppe | T1: 14.05.2019/15.05.2019 | V1: Stand: 03.07.2019 | X1: 7.10.2019 dtr. Schutz im Personalkostenaufstellung Zellen N110:N116 entfernt und Formeln gelöscht
T2: 43606 | V2: 43691 | W2: 43698
A3: Name der Einrichtung: | D3: =IF('Allgemeine Angaben'!D11=0,"",'Allgemeine Angaben'!D11) | P3: ja | T3: 43620 | W3: 25.9.19 dtr. Rahmen formatiert
A4: Ort der Einrichtung: | D4: =IF('Allgemeine Angaben'!D15=0,"",'Allgemeine Angaben'!D15)
A5: Institutionskennzeichen: | D5: =IF('Allgemeine Angaben'!L6=0,"",'Allgemeine Angaben'!L6) | J5: ='Allgemeine Angaben'!K4 -> Antrag vom: | K5: ='Allgemeine Angaben'!L4 -> 0 | T5: für Ist + Prognosezeitraum = zieht es den Namen, den Ort und das IK der Einrichtung aus den allgemeinen Angaben
A6: Angaben für den Prognosezeitraum | T6: Überschrift der PKL erneut in Zelle F1 eingefügt, da Ist Angaben erst nach Aufforderung dr. KT übermittelt werden lt. RVT
C8: Tarifbindung: | T8: alle VK-Anteile mit 3 Stellen nach dem Komma und alle Prozentangaben und € Werte mit 2 Stellen nach dem Komma
C9: Welche/r Tarif/AVR?
C10: Fassung vom: | P10: nein | T10: bi/ in Zelle N5+O5 Antrag vom: Datum eingefügt
T11: bi/ Zellen A6 bis E6 verbunden und Test eingefügt "Die Spalten A bis E legt die Einrichtung im Rahmen der Plausibilitätsprüfung auf Anforderung ohne substantirte Begrüdnung vor (§ 32 Abs. 3 Rahmenvertrag)'"
C12: Arbeitgeberanteile zur Sozialversicherung: | I12: % | J12: Folgenden Personalkostensteigerungen wurden in die Prognose eingearbeitet: | T12: bi/ Spalte zwischen Stufe und Grundgehalt je Stellenanteil eingefügt => neue Spalte Grundlohn/-gehalt in € je VK
C13: Beiträge zur Altersvorsorge: | I13: % | J13: Steigerung ab: | R13: PDL | S13: PHK | T13: bi/ in Spalte Grundlohn/-gehalt je Stellenanteil/Monat = Formel eingefügt =Wennfehler(VK-Anteil mal Grundgehalt je VK;"")
J14: Prozent: | R14: stellv. PDL | S14: Präsenzkraft (4.Generation)
B15: Sozialversicherungsbeitrag "geringfügig Beschäftigte" | I15: % | R15: WBL
R16: QM | T16: bi/ Angaben zur prozentualen Entwicklung der Gehälter je FktBereich entbehrlich mit Löschung der Spalten A-E - Ist.Pkosten N-O122;225,246,275,298,331,377,364
A17: Pseudonym Nummer (bei geringfügig Beschäftigten bitte GfB eingeben) | B17: Stellenanteil VK | C17: Entgelt-gruppe | D17: Stufe | E17: Grundlohn/-gehalt in € je VK/Monat | F17: Monatliche Zahlungen (AN-Brutto) in € je Stellenanteil | L17: Einmalzahlungen in € je Stellenanteil | N17: durchschnitt-liche Arbeitgeber-bruttopersonalkosten (inkl. SV-AG) in € je Stellenanteil | O17: durchschnitt-liche Gesamt-bruttopersonalkosten in € je VK | R17: PFK | T17: bi/Spalte A- E = Inhalte zu Ist-Pkosten entfernt siehe Abstimmung AG VM und VH-RVT
F18: Grundlohn/-gehalt | G18: Besitzstand | H18: bAV, sonstige betriebl. Zulagen | I18: Kinderzulagen/Sozialzuschläge | J18: SV-pflichtige Zuschläge/ Zulagen | K18: SV-freie Zuschläge/ Zulagen | L18: Urlaubsgeld | M18: Jahressonder- zahlung/ Weihnachts- geld | T18: bi/Spaltenbreiten angepasst
D19: Im "Registerblatt Start" auf Einfügen oder Löschen klicken (Gruppe Zellen) | R19: Leiter
A20: 1.1. Pflegefachkräfte | H20: =IF($H$13>0,"Beiträge zur Altersvorsorge NICHT in Spalte bAV, betriebliche Zulagen erfassen","") | R20: Präsenzkraft (4.Generation)
F21: =IFERROR(E21*B21,"") -> 0 | N21: =IFERROR(IF(A21<>"GfB",(SUM(F21:J21)*12+(L21+M21))*(100+$H$12+$H$13)%+(K21*12),(SUM(F21:J21)*12+(L21+M21))*(100+$H$15+$H$13)%+(K21*12)),0) -> 0 | O21: =IF(ISERROR(N21/B21),0,(N21/B21)) -> 0 | R21: Koch | T21: bi/in Spalte B = Erfassung der VK-Stellen => Erfassungshinweis für VK Stellen mit 3 Nachkommastellen hinterlegt
F22: =IFERROR(E22*B22,"") -> 0 | N22: =IFERROR(IF(A22<>"GfB",(SUM(F22:J22)*12+(L22+M22))*(100+$H$12+$H$13)%+(K22*12),(SUM(F22:J22)*12+(L22+M22))*(100+$H$15+$H$13)%+(K22*12)),0) -> 0 | O22: =IF(ISERROR(N22/B22),0,(N22/B22)) -> 0 | T22: Zeilen für alle Funktionsbereiche eingefügt
F23: =IFERROR(E23*B23,"") -> 0 | N23: =IFERROR(IF(A23<>"GfB",(SUM(F23:J23)*12+(L23+M23))*(100+$H$12+$H$13)%+(K23*12),(SUM(F23:J23)*12+(L23+M23))*(100+$H$15+$H$13)%+(K23*12)),0) -> 0 | O23: =IF(ISERROR(N23/B23),0,(N23/B23)) -> 0
F24: =IFERROR(E24*B24,"") -> 0 | N24: =IFERROR(IF(A24<>"GfB",(SUM(F24:J24)*12+(L24+M24))*(100+$H$12+$H$13)%+(K24*12),(SUM(F24:J24)*12+(L24+M24))*(100+$H$15+$H$13)%+(K24*12)),0) -> 0 | O24: =IF(ISERROR(N24/B24),0,(N24/B24)) -> 0
F25: =IFERROR(E25*B25,"") -> 0 | N25: =IFERROR(IF(A25<>"GfB",(SUM(F25:J25)*12+(L25+M25))*(100+$H$12+$H$13)%+(K25*12),(SUM(F25:J25)*12+(L25+M25))*(100+$H$15+$H$13)%+(K25*12)),0) -> 0 | O25: =IF(ISERROR(N25/B25),0,(N25/B25)) -> 0 | T25: sobald der LE % in L13 zur Altersversorgung angibt, erfolgt ein Hinweis zur Erfassung der Kosten in der Spalte bAV, sonstige Zulagen
F26: =IFERROR(E26*B26,"") -> 0 | N26: =IFERROR(IF(A26<>"GfB",(SUM(F26:J26)*12+(L26+M26))*(100+$H$12+$H$13)%+(K26*12),(SUM(F26:J26)*12+(L26+M26))*(100+$H$15+$H$13)%+(K26*12)),0) -> 0 | O26: =IF(ISERROR(N26/B26),0,(N26/B26)) -> 0 | T26: Hinweis in Zelle L121, L224;L245;L274;L297;L330;L363;L376;L387 eingefügt
F27: =IFERROR(E27*B27,"") -> 0 | N27: =IFERROR(IF(A27<>"GfB",(SUM(F27:J27)*12+(L27+M27))*(100+$H$12+$H$13)%+(K27*12),(SUM(F27:J27)*12+(L27+M27))*(100+$H$15+$H$13)%+(K27*12)),0) -> 0 | O27: =IF(ISERROR(N27/B27),0,(N27/B27)) -> 0
F28: =IFERROR(E28*B28,"") -> 0 | N28: =IFERROR(IF(A28<>"GfB",(SUM(F28:J28)*12+(L28+M28))*(100+$H$12+$H$13)%+(K28*12),(SUM(F28:J28)*12+(L28+M28))*(100+$H$15+$H$13)%+(K28*12)),0) -> 0 | O28: =IF(ISERROR(N28/B28),0,(N28/B28)) -> 0 | T28: bi/Spalte Entgeltgruppe und Stufe = Format Zahl ohne Nachkommastellen
F29: =IFERROR(E29*B29,"") -> 0 | N29: =IFERROR(IF(A29<>"GfB",(SUM(F29:J29)*12+(L29+M29))*(100+$H$12+$H$13)%+(K29*12),(SUM(F29:J29)*12+(L29+M29))*(100+$H$15+$H$13)%+(K29*12)),0) -> 0 | O29: =IF(ISERROR(N29/B29),0,(N29/B29)) -> 0
F30: =IFERROR(E30*B30,"") -> 0 | N30: =IFERROR(IF(A30<>"GfB",(SUM(F30:J30)*12+(L30+M30))*(100+$H$12+$H$13)%+(K30*12),(SUM(F30:J30)*12+(L30+M30))*(100+$H$15+$H$13)%+(K30*12)),0) -> 0 | O30: =IF(ISERROR(N30/B30),0,(N30/B30)) -> 0
F31: =IFERROR(E31*B31,"") -> 0 | N31: =IFERROR(IF(A31<>"GfB",(SUM(F31:J31)*12+(L31+M31))*(100+$H$12+$H$13)%+(K31*12),(SUM(F31:J31)*12+(L31+M31))*(100+$H$15+$H$13)%+(K31*12)),0) -> 0 | O31: =IF(ISERROR(N31/B31),0,(N31/B31)) -> 0
F32: =IFERROR(E32*B32,"") -> 0 | N32: =IFERROR(IF(A32<>"GfB",(SUM(F32:J32)*12+(L32+M32))*(100+$H$12+$H$13)%+(K32*12),(SUM(F32:J32)*12+(L32+M32))*(100+$H$15+$H$13)%+(K32*12)),0) -> 0 | O32: =IF(ISERROR(N32/B32),0,(N32/B32)) -> 0
F33: =IFERROR(E33*B33,"") -> 0 | N33: =IFERROR(IF(A33<>"GfB",(SUM(F33:J33)*12+(L33+M33))*(100+$H$12+$H$13)%+(K33*12),(SUM(F33:J33)*12+(L33+M33))*(100+$H$15+$H$13)%+(K33*12)),0) -> 0 | O33: =IF(ISERROR(N33/B33),0,(N33/B33)) -> 0
F34: =IFERROR(E34*B34,"") -> 0 | N34: =IFERROR(IF(A34<>"GfB",(SUM(F34:J34)*12+(L34+M34))*(100+$H$12+$H$13)%+(K34*12),(SUM(F34:J34)*12+(L34+M34))*(100+$H$15+$H$13)%+(K34*12)),0) -> 0 | O34: =IF(ISERROR(N34/B34),0,(N34/B34)) -> 0
F35: =IFERROR(E35*B35,"") -> 0 | N35: =IFERROR(IF(A35<>"GfB",(SUM(F35:J35)*12+(L35+M35))*(100+$H$12+$H$13)%+(K35*12),(SUM(F35:J35)*12+(L35+M35))*(100+$H$15+$H$13)%+(K35*12)),0) -> 0 | O35: =IF(ISERROR(N35/B35),0,(N35/B35)) -> 0
F36: =IFERROR(E36*B36,"") -> 0 | N36: =IFERROR(IF(A36<>"GfB",(SUM(F36:J36)*12+(L36+M36))*(100+$H$12+$H$13)%+(K36*12),(SUM(F36:J36)*12+(L36+M36))*(100+$H$15+$H$13)%+(K36*12)),0) -> 0 | O36: =IF(ISERROR(N36/B36),0,(N36/B36)) -> 0
F37: =IFERROR(E37*B37,"") -> 0 | N37: =IFERROR(IF(A37<>"GfB",(SUM(F37:J37)*12+(L37+M37))*(100+$H$12+$H$13)%+(K37*12),(SUM(F37:J37)*12+(L37+M37))*(100+$H$15+$H$13)%+(K37*12)),0) -> 0 | O37: =IF(ISERROR(N37/B37),0,(N37/B37)) -> 0
F38: =IFERROR(E38*B38,"") -> 0 | N38: =IFERROR(IF(A38<>"GfB",(SUM(F38:J38)*12+(L38+M38))*(100+$H$12+$H$13)%+(K38*12),(SUM(F38:J38)*12+(L38+M38))*(100+$H$15+$H$13)%+(K38*12)),0) -> 0 | O38: =IF(ISERROR(N38/B38),0,(N38/B38)) -> 0
F39: =IFERROR(E39*B39,"") -> 0 | N39: =IFERROR(IF(A39<>"GfB",(SUM(F39:J39)*12+(L39+M39))*(100+$H$12+$H$13)%+(K39*12),(SUM(F39:J39)*12+(L39+M39))*(100+$H$15+$H$13)%+(K39*12)),0) -> 0 | O39: =IF(ISERROR(N39/B39),0,(N39/B39)) -> 0
F40: =IFERROR(E40*B40,"") -> 0 | N40: =IFERROR(IF(A40<>"GfB",(SUM(F40:J40)*12+(L40+M40))*(100+$H$12+$H$13)%+(K40*12),(SUM(F40:J40)*12+(L40+M40))*(100+$H$15+$H$13)%+(K40*12)),0) -> 0 | O40: =IF(ISERROR(N40/B40),0,(N40/B40)) -> 0
... F70: =IFERROR(E70*B70,"") -> 0 | N70: =IFERROR(IF(A70<>"GfB",(SUM(F70:J70)*12+(L70+M70))*(100+$H$12+$H$13)%+(K70*12),(SUM(F70:J70)*12+(L70+M70))*(100+$H$15+$H$13)%+(K70*12)),0) -> 0 | O70: =IF(ISERROR(N70/B70),0,(N70/B70)) -> 0
F71: =IFERROR(E71*B71,"") -> 0 | N71: =IFERROR(IF(A71<>"GfB",(SUM(F71:J71)*12+(L71+M71))*(100+$H$12+$H$13)%+(K71*12),(SUM(F71:J71)*12+(L71+M71))*(100+$H$15+$H$13)%+(K71*12)),0) -> 0 | O71: =IF(ISERROR(N71/B71),0,(N71/B71)) -> 0 | R71: Beikoch
F72: =IFERROR(E72*B72,"") -> 0 | N72: =IFERROR(IF(A72<>"GfB",(SUM(F72:J72)*12+(L72+M72))*(100+$H$12+$H$13)%+(K72*12),(SUM(F72:J72)*12+(L72+M72))*(100+$H$15+$H$13)%+(K72*12)),0) -> 0 | O72: =IF(ISERROR(N72/B72),0,(N72/B72)) -> 0 | R72: Hilfskraft
F73: =IFERROR(E73*B73,"") -> 0 | N73: =IFERROR(IF(A73<>"GfB",(SUM(F73:J73)*12+(L73+M73))*(100+$H$12+$H$13)%+(K73*12),(SUM(F73:J73)*12+(L73+M73))*(100+$H$15+$H$13)%+(K73*12)),0) -> 0 | O73: =IF(ISERROR(N73/B73),0,(N73/B73)) -> 0
F74: =IFERROR(E74*B74,"") -> 0 | N74: =IFERROR(IF(A74<>"GfB",(SUM(F74:J74)*12+(L74+M74))*(100+$H$12+$H$13)%+(K74*12),(SUM(F74:J74)*12+(L74+M74))*(100+$H$15+$H$13)%+(K74*12)),0) -> 0 | O74: =IF(ISERROR(N74/B74),0,(N74/B74)) -> 0 | R74: Leiter
F75: =IFERROR(E75*B75,"") -> 0 | N75: =IFERROR(IF(A75<>"GfB",(SUM(F75:J75)*12+(L75+M75))*(100+$H$12+$H$13)%+(K75*12),(SUM(F75:J75)*12+(L75+M75))*(100+$H$15+$H$13)%+(K75*12)),0) -> 0 | O75: =IF(ISERROR(N75/B75),0,(N75/B75)) -> 0 | R75: Präsenzkraft (4.Generation)
F76: =IFERROR(E76*B76,"") -> 0 | N76: =IFERROR(IF(A76<>"GfB",(SUM(F76:J76)*12+(L76+M76))*(100+$H$12+$H$13)%+(K76*12),(SUM(F76:J76)*12+(L76+M76))*(100+$H$15+$H$13)%+(K76*12)),0) -> 0 | O76: =IF(ISERROR(N76/B76),0,(N76/B76)) -> 0 | R76: Wäscherei
F77: =IFERROR(E77*B77,"") -> 0 | N77: =IFERROR(IF(A77<>"GfB",(SUM(F77:J77)*12+(L77+M77))*(100+$H$12+$H$13)%+(K77*12),(SUM(F77:J77)*12+(L77+M77))*(100+$H$15+$H$13)%+(K77*12)),0) -> 0 | O77: =IF(ISERROR(N77/B77),0,(N77/B77)) -> 0 | R77: Reinigung
F78: =IFERROR(E78*B78,"") -> 0 | N78: =IFERROR(IF(A78<>"GfB",(SUM(F78:J78)*12+(L78+M78))*(100+$H$12+$H$13)%+(K78*12),(SUM(F78:J78)*12+(L78+M78))*(100+$H$15+$H$13)%+(K78*12)),0) -> 0 | O78: =IF(ISERROR(N78/B78),0,(N78/B78)) -> 0 | R78: sonstige
F79: =IFERROR(E79*B79,"") -> 0 | N79: =IFERROR(IF(A79<>"GfB",(SUM(F79:J79)*12+(L79+M79))*(100+$H$12+$H$13)%+(K79*12),(SUM(F79:J79)*12+(L79+M79))*(100+$H$15+$H$13)%+(K79*12)),0) -> 0 | O79: =IF(ISERROR(N79/B79),0,(N79/B79)) -> 0
F80: =IFERROR(E80*B80,"") -> 0 | N80: =IFERROR(IF(A80<>"GfB",(SUM(F80:J80)*12+(L80+M80))*(100+$H$12+$H$13)%+(K80*12),(SUM(F80:J80)*12+(L80+M80))*(100+$H$15+$H$13)%+(K80*12)),0) -> 0 | O80: =IF(ISERROR(N80/B80),0,(N80/B80)) -> 0 | R80: Fachkräfte
F81: =IFERROR(E81*B81,"") -> 0 | N81: =IFERROR(IF(A81<>"GfB",(SUM(F81:J81)*12+(L81+M81))*(100+$H$12+$H$13)%+(K81*12),(SUM(F81:J81)*12+(L81+M81))*(100+$H$15+$H$13)%+(K81*12)),0) -> 0 | O81: =IF(ISERROR(N81/B81),0,(N81/B81)) -> 0 | R81: Präsenzkraft (4.Generation)
F82: =IFERROR(E82*B82,"") -> 0 | N82: =IFERROR(IF(A82<>"GfB",(SUM(F82:J82)*12+(L82+M82))*(100+$H$12+$H$13)%+(K82*12),(SUM(F82:J82)*12+(L82+M82))*(100+$H$15+$H$13)%+(K82*12)),0) -> 0 | O82: =IF(ISERROR(N82/B82),0,(N82/B82)) -> 0 | R82: sonstige
F83: =IFERROR(E83*B83,"") -> 0 | N83: =IFERROR(IF(A83<>"GfB",(SUM(F83:J83)*12+(L83+M83))*(100+$H$12+$H$13)%+(K83*12),(SUM(F83:J83)*12+(L83+M83))*(100+$H$15+$H$13)%+(K83*12)),0) -> 0 | O83: =IF(ISERROR(N83/B83),0,(N83/B83)) -> 0
F84: =IFERROR(E84*B84,"") -> 0 | N84: =IFERROR(IF(A84<>"GfB",(SUM(F84:J84)*12+(L84+M84))*(100+$H$12+$H$13)%+(K84*12),(SUM(F84:J84)*12+(L84+M84))*(100+$H$15+$H$13)%+(K84*12)),0) -> 0 | O84: =IF(ISERROR(N84/B84),0,(N84/B84)) -> 0
F85: =IFERROR(E85*B85,"") -> 0 | N85: =IFERROR(IF(A85<>"GfB",(SUM(F85:J85)*12+(L85+M85))*(100+$H$12+$H$13)%+(K85*12),(SUM(F85:J85)*12+(L85+M85))*(100+$H$15+$H$13)%+(K85*12)),0) -> 0 | O85: =IF(ISERROR(N85/B85),0,(N85/B85)) -> 0
F86: =IFERROR(E86*B86,"") -> 0 | N86: =IFERROR(IF(A86<>"GfB",(SUM(F86:J86)*12+(L86+M86))*(100+$H$12+$H$13)%+(K86*12),(SUM(F86:J86)*12+(L86+M86))*(100+$H$15+$H$13)%+(K86*12)),0) -> 0 | O86: =IF(ISERROR(N86/B86),0,(N86/B86)) -> 0
F87: =IFERROR(E87*B87,"") -> 0 | N87: =IFERROR(IF(A87<>"GfB",(SUM(F87:J87)*12+(L87+M87))*(100+$H$12+$H$13)%+(K87*12),(SUM(F87:J87)*12+(L87+M87))*(100+$H$15+$H$13)%+(K87*12)),0) -> 0 | O87: =IF(ISERROR(N87/B87),0,(N87/B87)) -> 0
F88: =IFERROR(E88*B88,"") -> 0 | N88: =IFERROR(IF(A88<>"GfB",(SUM(F88:J88)*12+(L88+M88))*(100+$H$12+$H$13)%+(K88*12),(SUM(F88:J88)*12+(L88+M88))*(100+$H$15+$H$13)%+(K88*12)),0) -> 0 | O88: =IF(ISERROR(N88/B88),0,(N88/B88)) -> 0
F89: =IFERROR(E89*B89,"") -> 0 | N89: =IFERROR(IF(A89<>"GfB",(SUM(F89:J89)*12+(L89+M89))*(100+$H$12+$H$13)%+(K89*12),(SUM(F89:J89)*12+(L89+M89))*(100+$H$15+$H$13)%+(K89*12)),0) -> 0 | O89: =IF(ISERROR(N89/B89),0,(N89/B89)) -> 0
F90: =IFERROR(E90*B90,"") -> 0 | N90: =IFERROR(IF(A90<>"GfB",(SUM(F90:J90)*12+(L90+M90))*(100+$H$12+$H$13)%+(K90*12),(SUM(F90:J90)*12+(L90+M90))*(100+$H$15+$H$13)%+(K90*12)),0) -> 0 | O90: =IF(ISERROR(N90/B90),0,(N90/B90)) -> 0
F91: =IFERROR(E91*B91,"") -> 0 | N91: =IFERROR(IF(A91<>"GfB",(SUM(F91:J91)*12+(L91+M91))*(100+$H$12+$H$13)%+(K91*12),(SUM(F91:J91)*12+(L91+M91))*(100+$H$15+$H$13)%+(K91*12)),0) -> 0 | O91: =IF(ISERROR(N91/B91),0,(N91/B91)) -> 0
F92: =IFERROR(E92*B92,"") -> 0 | N92: =IFERROR(IF(A92<>"GfB",(SUM(F92:J92)*12+(L92+M92))*(100+$H$12+$H$13)%+(K92*12),(SUM(F92:J92)*12+(L92+M92))*(100+$H$15+$H$13)%+(K92*12)),0) -> 0 | O92: =IF(ISERROR(N92/B92),0,(N92/B92)) -> 0
F93: =IFERROR(E93*B93,"") -> 0 | N93: =IFERROR(IF(A93<>"GfB",(SUM(F93:J93)*12+(L93+M93))*(100+$H$12+$H$13)%+(K93*12),(SUM(F93:J93)*12+(L93+M93))*(100+$H$15+$H$13)%+(K93*12)),0) -> 0 | O93: =IF(ISERROR(N93/B93),0,(N93/B93)) -> 0
F94: =IFERROR(E94*B94,"") -> 0 | N94: =IFERROR(IF(A94<>"GfB",(SUM(F94:J94)*12+(L94+M94))*(100+$H$12+$H$13)%+(K94*12),(SUM(F94:J94)*12+(L94+M94))*(100+$H$15+$H$13)%+(K94*12)),0) -> 0 | O94: =IF(ISERROR(N94/B94),0,(N94/B94)) -> 0
... F112: =IFERROR(E112*B112,"") -> 0 | N112: =IFERROR(IF(A112<>"GfB",(SUM(F112:J112)*12+(L112+M112))*(100+$H$12+$H$13)%+(K112*12),(SUM(F112:J112)*12+(L112+M112))*(100+$H$15+$H$13)%+(K112*12)),0) -> 0 | O112: =IF(ISERROR(N112/B112),0,(N112/B112)) -> 0
F113: =IFERROR(E113*B113,"") -> 0 | N113: =IFERROR(IF(A113<>"GfB",(SUM(F113:J113)*12+(L113+M113))*(100+$H$12+$H$13)%+(K113*12),(SUM(F113:J113)*12+(L113+M113))*(100+$H$15+$H$13)%+(K113*12)),0) -> 0 | O113: =IF(ISERROR(N113/B113),0,(N113/B113)) -> 0 | T113: bi/ Berechnung der Personalkosten für Geringfügig Beschäftigte in Spalte R (außer für Zellen LANR116:R120) angepasst => sofern in Spalte F= GfB => dann rechne mit dem SV-Beitragssatz für GfB, ansonsten rechne mit allgemeinen SV-Beitrag
F114: =IFERROR(E114*B114,"") -> 0 | N114: =IFERROR(IF(A114<>"GfB",(SUM(F114:J114)*12+(L114+M114))*(100+$H$12+$H$13)%+(K114*12),(SUM(F114:J114)*12+(L114+M114))*(100+$H$15+$H$13)%+(K114*12)),0) -> 0 | O114: =IF(ISERROR(N114/B114),0,(N114/B114)) -> 0 | T114: bi/ in Spalte F DropDown (auißer bei F116:F120) für Auswahl GfB eingefügt,
F115: =IFERROR(E115*B115,"") -> 0 | N115: =IFERROR(IF(A115<>"GfB",(SUM(F115:J115)*12+(L115+M115))*(100+$H$12+$H$13)%+(K115*12),(SUM(F115:J115)*12+(L115+M115))*(100+$H$15+$H$13)%+(K115*12)),0) -> 0 | O115: =IF(ISERROR(N115/B115),0,(N115/B115)) -> 0
A116: Leiharbeitnehmer | O116: =IF(ISERROR(N116/B116),0,(N116/B116)) -> 0 | T116: bi/Zeile 116-120 = Felder für Leiharbeitnehmer (Progn und Ist: VK+Gesamtkosten erfassen)
A117: Leiharbeitnehmer | O117: =IF(ISERROR(N117/B117),0,(N117/B117)) -> 0 | T117: bi/Werte €/VK für alle PFK => neu verformelt ohne Berücksichtigung der Leiharbeitnehmer
A118: Leiharbeitnehmer | O118: =IF(ISERROR(N118/B118),0,(N118/B118)) -> 0 | T118: bi/Formel in Zelle C121 angepasst- Summe ohne LAN
A119: Leiharbeitnehmer | O119: =IF(ISERROR(N119/B119),0,(N119/B119)) -> 0
A120: Leiharbeitnehmer | O120: =IF(ISERROR(N120/B120),0,(N120/B120)) -> 0
A121: Summe Pflegefachkräfte: | B121: =SUM(B21:B120) -> 0 | F121: =IFERROR(SUM(F21:F115)/($B$121-SUM($B$116:$B$120)),0) -> 0 | G121: =IFERROR(SUM(G21:G115)/($B$121-SUM($B$116:$B$120)),0) -> 0 | H121: =IFERROR(SUM(H21:H115)/($B$121-SUM($B$116:$B$120)),0) -> 0 | I121: =IFERROR(SUM(I21:I115)/($B$121-SUM($B$116:$B$120)),0) -> 0 | J121: =IFERROR(SUM(J21:J115)/($B$121-SUM($B$116:$B$120)),0) -> 0 | K121: =IFERROR(SUM(K21:K115)/($B$121-SUM($B$116:$B$120)),0) -> 0 | L121: =IFERROR(SUM(L21:L115)/($B$121-SUM($B$116:$B$120)),0) -> 0 | M121: =IFERROR(SUM(M21:M115)/($B$121-SUM($B$116:$B$120)),0) -> 0 | N121: =SUM(N21:N120) -> 0 | O121: =IFERROR(SUM(N121/B121),0) -> 0
T122: bi/Formeln für die Abbildung" %tuale Veränderung Personalkosten je Funktionsbereich" dr. Formatänderung angepasst
A123: 1.2. Pflegehilfskräfte | H123: =IF($H$13>0,"Beiträge zur Altersvorsorge NICHT in Spalte bAV, betriebliche Zulagen erfassen","")
F124: =IFERROR(E124*B124,"") -> 0 | N124: =IFERROR(IF(A124<>"GfB",(SUM(F124:J124)*12+(L124+M124))*(100+$H$12+$H$13)%+(K124*12),(SUM(F124:J124)*12+(L124+M124))*(100+$H$15+$H$13)%+(K124*12)),0) -> 0 | O124: =IF(ISERROR(N124/B124),0,(N124/B124)) -> 0
F125: =IFERROR(E125*B125,"") -> 0 | N125: =IFERROR(IF(A125<>"GfB",(SUM(F125:J125)*12+(L125+M125))*(100+$H$12+$H$13)%+(K125*12),(SUM(F125:J125)*12+(L125+M125))*(100+$H$15+$H$13)%+(K125*12)),0) -> 0 | O125: =IF(ISERROR(N125/B125),0,(N125/B125)) -> 0 | T125: bi/H12/H13+H15 % Angaben für SV+bAV = 3 Nachkommastellen
F126: =IFERROR(E126*B126,"") -> 0 | N126: =IFERROR(IF(A126<>"GfB",(SUM(F126:J126)*12+(L126+M126))*(100+$H$12+$H$13)%+(K126*12),(SUM(F126:J126)*12+(L126+M126))*(100+$H$15+$H$13)%+(K126*12)),0) -> 0 | O126: =IF(ISERROR(N126/B126),0,(N126/B126)) -> 0
F127: =IFERROR(E127*B127,"") -> 0 | N127: =IFERROR(IF(A127<>"GfB",(SUM(F127:J127)*12+(L127+M127))*(100+$H$12+$H$13)%+(K127*12),(SUM(F127:J127)*12+(L127+M127))*(100+$H$15+$H$13)%+(K127*12)),0) -> 0 | O127: =IF(ISERROR(N127/B127),0,(N127/B127)) -> 0
F128: =IFERROR(E128*B128,"") -> 0 | N128: =IFERROR(IF(A128<>"GfB",(SUM(F128:J128)*12+(L128+M128))*(100+$H$12+$H$13)%+(K128*12),(SUM(F128:J128)*12+(L128+M128))*(100+$H$15+$H$13)%+(K128*12)),0) -> 0 | O128: =IF(ISERROR(N128/B128),0,(N128/B128)) -> 0
F129: =IFERROR(E129*B129,"") -> 0 | N129: =IFERROR(IF(A129<>"GfB",(SUM(F129:J129)*12+(L129+M129))*(100+$H$12+$H$13)%+(K129*12),(SUM(F129:J129)*12+(L129+M129))*(100+$H$15+$H$13)%+(K129*12)),0) -> 0 | O129: =IF(ISERROR(N129/B129),0,(N129/B129)) -> 0
F130: =IFERROR(E130*B130,"") -> 0 | N130: =IFERROR(IF(A130<>"GfB",(SUM(F130:J130)*12+(L130+M130))*(100+$H$12+$H$13)%+(K130*12),(SUM(F130:J130)*12+(L130+M130))*(100+$H$15+$H$13)%+(K130*12)),0) -> 0 | O130: =IF(ISERROR(N130/B130),0,(N130/B130)) -> 0
F131: =IFERROR(E131*B131,"") -> 0 | N131: =IFERROR(IF(A131<>"GfB",(SUM(F131:J131)*12+(L131+M131))*(100+$H$12+$H$13)%+(K131*12),(SUM(F131:J131)*12+(L131+M131))*(100+$H$15+$H$13)%+(K131*12)),0) -> 0 | O131: =IF(ISERROR(N131/B131),0,(N131/B131)) -> 0
F132: =IFERROR(E132*B132,"") -> 0 | N132: =IFERROR(IF(A132<>"GfB",(SUM(F132:J132)*12+(L132+M132))*(100+$H$12+$H$13)%+(K132*12),(SUM(F132:J132)*12+(L132+M132))*(100+$H$15+$H$13)%+(K132*12)),0) -> 0 | O132: =IF(ISERROR(N132/B132),0,(N132/B132)) -> 0
F133: =IFERROR(E133*B133,"") -> 0 | N133: =IFERROR(IF(A133<>"GfB",(SUM(F133:J133)*12+(L133+M133))*(100+$H$12+$H$13)%+(K133*12),(SUM(F133:J133)*12+(L133+M133))*(100+$H$15+$H$13)%+(K133*12)),0) -> 0 | O133: =IF(ISERROR(N133/B133),0,(N133/B133)) -> 0
F134: =IFERROR(E134*B134,"") -> 0 | N134: =IFERROR(IF(A134<>"GfB",(SUM(F134:J134)*12+(L134+M134))*(100+$H$12+$H$13)%+(K134*12),(SUM(F134:J134)*12+(L134+M134))*(100+$H$15+$H$13)%+(K134*12)),0) -> 0 | O134: =IF(ISERROR(N134/B134),0,(N134/B134)) -> 0
F135: =IFERROR(E135*B135,"") -> 0 | N135: =IFERROR(IF(A135<>"GfB",(SUM(F135:J135)*12+(L135+M135))*(100+$H$12+$H$13)%+(K135*12),(SUM(F135:J135)*12+(L135+M135))*(100+$H$15+$H$13)%+(K135*12)),0) -> 0 | O135: =IF(ISERROR(N135/B135),0,(N135/B135)) -> 0
F136: =IFERROR(E136*B136,"") -> 0 | N136: =IFERROR(IF(A136<>"GfB",(SUM(F136:J136)*12+(L136+M136))*(100+$H$12+$H$13)%+(K136*12),(SUM(F136:J136)*12+(L136+M136))*(100+$H$15+$H$13)%+(K136*12)),0) -> 0 | O136: =IF(ISERROR(N136/B136),0,(N136/B136)) -> 0
F137: =IFERROR(E137*B137,"") -> 0 | N137: =IFERROR(IF(A137<>"GfB",(SUM(F137:J137)*12+(L137+M137))*(100+$H$12+$H$13)%+(K137*12),(SUM(F137:J137)*12+(L137+M137))*(100+$H$15+$H$13)%+(K137*12)),0) -> 0 | O137: =IF(ISERROR(N137/B137),0,(N137/B137)) -> 0
... F223: =IFERROR(E223*B223,"") -> 0 | N223: =IFERROR(IF(A223<>"GfB",(SUM(F223:J223)*12+(L223+M223))*(100+$H$12+$H$13)%+(K223*12),(SUM(F223:J223)*12+(L223+M223))*(100+$H$15+$H$13)%+(K223*12)),0) -> 0 | O223: =IF(ISERROR(N223/B223),0,(N223/B223)) -> 0
A224: Summe Pflegehilfskräfte: | B224: =SUM(B124:B223) -> 0 | F224: =IFERROR(SUM(F124:F223)/$B$224,0) -> 0 | G224: =IFERROR(SUM(G124:G223)/$B$224,0) -> 0 | H224: =IFERROR(SUM(H124:H223)/$B$224,0) -> 0 | I224: =IFERROR(SUM(I124:I223)/$B$224,0) -> 0 | J224: =IFERROR(SUM(J124:J223)/$B$224,0) -> 0 | K224: =IFERROR(SUM(K124:K223)/$B$224,0) -> 0 | L224: =IFERROR(SUM(L124:L223)/$B$224,0) -> 0 | M224: =IFERROR(SUM(M124:M223)/$B$224,0) -> 0 | N224: =SUM(N124:N223) -> 0 | O224: =IFERROR(SUM(N224/B224),0) -> 0 | T224: bi/Formeln in Spalte G-M227 angepasst Punktrechnung vor Strichrechnung siehe Hinweis Fr. Füge vom 19.08.2019
T225: bi/Formeln für Pflege gesamt und PFK in Zeile 227 + 121 angepasst, einzelne Abbildung der Entgeltbestandteile €/VK immer ohne Berücksichtigung der LAN AUSSER in Spalte D/E/R/S
B227: =B224+B121 -> 0 | F227: =IFERROR(SUM(F124:F223,F21:F115)/($B$227-SUM($B$116:$B$120)),0) -> 0 | G227: =IFERROR(SUM(G124:G223,G21:G115)/($B$227-SUM($B$116:$B$120)),0) -> 0 | H227: =IFERROR(SUM(H124:H223,H21:H115)/($B$227-SUM($B$116:$B$120)),0) -> 0 | I227: =IFERROR(SUM(I124:I223,I21:I115)/($B$227-SUM($B$116:$B$120)),0) -> 0 | J227: =IFERROR(SUM(J124:J223,J21:J115)/($B$227-SUM($B$116:$B$120)),0) -> 0 | K227: =IFERROR(SUM(K124:K223,K21:K115)/($B$227-SUM($B$116:$B$120)),0) -> 0 | L227: =IFERROR(SUM(L124:L223,L21:L115)/($B$227-SUM($B$116:$B$120)),0) -> 0 | M227: =IFERROR(SUM(M124:M223,M21:M115)/($B$227-SUM($B$116:$B$120)),0) -> 0 | N227: =N224+N121 -> 0 | O227: =IFERROR(N227/B227,0) -> 0 | T227: bi/Format für Abbildung der FKQ angepasst
B228: =IFERROR(B121/B227,0) -> 0 | C228: Fachkraftquote:
A229: 2. Betreuung | H229: =IF($H$13>0,"Beiträge zur Altersvorsorge NICHT in Spalte bAV, betriebliche Zulagen erfassen","")
F230: =IFERROR(E230*B230,"") -> 0 | N230: =IFERROR(IF(A230<>"GfB",(SUM(F230:J230)*12+(L230+M230))*(100+$H$12+$H$13)%+(K230*12),(SUM(F230:J230)*12+(L230+M230))*(100+$H$15+$H$13)%+(K230*12)),0) -> 0 | O230: =IF(ISERROR(N230/B230),0,(N230/B230)) -> 0
F231: =IFERROR(E231*B231,"") -> 0 | N231: =IFERROR(IF(A231<>"GfB",(SUM(F231:J231)*12+(L231+M231))*(100+$H$12+$H$13)%+(K231*12),(SUM(F231:J231)*12+(L231+M231))*(100+$H$15+$H$13)%+(K231*12)),0) -> 0 | O231: =IF(ISERROR(N231/B231),0,(N231/B231)) -> 0
F232: =IFERROR(E232*B232,"") -> 0 | N232: =IFERROR(IF(A232<>"GfB",(SUM(F232:J232)*12+(L232+M232))*(100+$H$12+$H$13)%+(K232*12),(SUM(F232:J232)*12+(L232+M232))*(100+$H$15+$H$13)%+(K232*12)),0) -> 0 | O232: =IF(ISERROR(N232/B232),0,(N232/B232)) -> 0
F233: =IFERROR(E233*B233,"") -> 0 | N233: =IFERROR(IF(A233<>"GfB",(SUM(F233:J233)*12+(L233+M233))*(100+$H$12+$H$13)%+(K233*12),(SUM(F233:J233)*12+(L233+M233))*(100+$H$15+$H$13)%+(K233*12)),0) -> 0 | O233: =IF(ISERROR(N233/B233),0,(N233/B233)) -> 0
...

Sheet Personalaufwendungen
A1: ='Allgemeine Angaben'!A1:N1 -> Aufforderung zum Abschluss einer Pflegesatzvereinbarung gemäß §§ 84, 85 SGB XI | L1: 14.05.2019/15.05.2019 | M1: dtr 06.09.2019: Schutz von Zellen: I 11+14+26+29+34+39+41+43+62+64, Zeilen 15,45 bedingte Formatierung Zeile 15 entfernt
A2: Personalstruktur der Einrichtung | L2: 43605 | M2: dtr 06.09.2019: J57 gelb als Eingabezelle
A3: ='Allgemeine Angaben'!A3:N3 | M3: dtr 25.9.19: I62 und I64 geschützt
A4: ='Allgemeine Angaben'!A4:N4 -> 0 | C4: ='Allgemeine Angaben'!B4 | I4: ='Allgemeine Angaben'!K4 -> Antrag vom: | J4: ='Allgemeine Angaben'!L4 -> 0 | L4: 04.06.2019/ 06.06.2019/14.08.2019/03.09.2019/04.09.2019 | M4: 1.10.2019 dtr. Schutz im Personaaufwendungen Zelle J57
G6: Vollkräfte | H6: Vollkräfte | I6: durchschnittliche Bruttopersonal-kosten | J6: Gesamtpersonal-kosten | L6: bi/Kopfzeile in Zelle 4 von Allgemeinen Angaben übernommen - Bezüge hergestellt
G7: Gesamt | H7: Gesamt | I7: (ohne Personalnebenkosten, Zuschlag nach § 32 Abs. 4 Rahmenvertrag) | J7: (inkl. Personalneben-kosten, Unternehmer-risiko) | L7: bi/Zelle I7 bisher (ohne PNK, UR) -> neu ohne PNK, Zuschlag nach § 32 Abs. 4 RVT
G8: =IF(Belegung!D16>0,Belegung!D16,"") | I8: € / Jahr / je VK
G9: (Stichtag) | H9: (Prognose) | I9: (Prognose) | J9: (Prognose)
B10: 1. | C10: Pflege inklusive QM, PDL/ stellvertretende PDL
C11: Pflegefachkräfte | I11: =Personalkostenaufstellung!O121 -> 0
D12: PDL/ stellvertretende PDL | L12: 14.05.2019 bisher Pflegedienstleitung => neue Bezeichnung "PDL/ stellvertretende PDL"
D13: Pflegefachkräfte | L13: bi/Zelle C10 = bisher "Pflege inklusive QM", neu: "Pflege inklsuive QM, PDL/ stellvertretende PDL"
C14: Pflegehilfskräfte | E14: =IF('Allgemeine Angaben'!$F$7="4.","/Präsenzkräfte (4. Generation)","") | I14: =Personalkostenaufstellung!O224 -> 0
D17: Gesamt Pflege | G17: =SUM(G12:G13,G14:G15) -> 0 | H17: =SUM(H12:H13,H14:H15) -> 0 | I17: =IF(H17=0,"",(((H14*I14)+((H13+H12)*I11)))/H17) | J17: =IFERROR((H17*I17)*(1+pnk+I57)*(1+risiko),"") | L17: alle drchn. Bruttopersonalkosten €/Jahr/VK je Funktionsbereich werden aus der Personalkostenaufstellung (Prognose €/VK und Fktbereich) gezogen
F19: Fachkraftquote | G19: =IF(G17=0,"",SUM(G12,G13:G13)/G17) | H19: =IF(H17=0,"",SUM(H12,H13:H13)/H17) | L19: für die sonstigen Mitarbeiter werden die Kosten €/Stelle und die Anzahl der Stellen aus der Personalkostenaufstellung (Prognose) gezogen
H20: =IF(H17<>Personalkostenaufstellung!B227,"VK-Prognose entspricht nicht dem VK-Umfang in der Mappe Personalkostenaufstellung","")
B21: 2. | C21: Betreuung
C22: Fachkräfte | L22: ACHTUNG bedingte Formatierungen in Zelle G15,H15+I15 sowie Zelle I14 funktionieren nicht! - somit Wegfall der Felder Präsenskräfte G15,H15+I15=> in Zelle E14 wird dafür bei 4. Generationen zusätzlich neben den Pflegehilfskräften "/Präsenzkräfte (4.Generation) angezeigt
C23: Sonstige Mitarbeiter* | L23: bi/PlausiHinweis in J15 entfernt =WENN(UND('Allgemeine Angaben'!F7<>"4.";I15>0);"Eintragung nur bei Einrichtungen der 4. Generation!";"")
C24: Präsenzkräfte (4. Generation) | I24: =IF(AND('Allgemeine Angaben'!F7<>"4.",H24>0),"Eintragung nur bei Einrichtungen der 4. Generation!","") | L24: bi/neu Berechnung der Personalkosten Pflege dr. Wegfall der formatierten Zellen für die Präsenzkräfte ZelleG15,H15+I15 notwendig: Formel bisher: =WENN(H17=0;"";(((H14*I14)+((H13+H12)*I11))+(H15*I15))/H17) Formel neu:=WENN(H17=0;"";(((H14*I14)+((H13+H12)*I11))+(H15*I15))/H17)
D26: Gesamt Betreuung | G26: =SUM(G22:G24) -> 0 | H26: =SUM(H22:H24) -> 0 | I26: =Personalkostenaufstellung!O245 -> 0 | J26: =IFERROR((H26*I26)*(1+pnk+I57)*(1+risiko),"")
H27: =IF(H26<>Personalkostenaufstellung!B245,"VK-Prognose entspricht nicht dem VK-Umfang in der Mappe Personalkostenaufstellung","") | L27: bi/in allen Erfassungsfeldern für die VK bei Daten => Datenüberprüfung => eine benutzerdefinierte Eingaberegel hinterlegt - Erfassung begranzt auf 3 Nachkommastellen
B28: 3. | C28: Zusätzliche Betreuung und Aktivierung | L28: bi/PlausiAbgleich zwischen den VKProgn. in Tab Personalaufwendungen und in der PKL je Funktionsbereich eingefügt, sofern VKFord <> mit PKL Angabe erfolgt ein Hinweis je Funktionsbereich
C29: nach § 43b SGB XI | I29: =Personalkostenaufstellung!O274 -> 0 | J29: =IFERROR((H29*I29)*(1+pnk+I57)*(1+risiko),"") | L29: => Pflege Zelle H20: =WENN(H17<>Personalkostenaufstellung!B227;"VK-Prognose entspricht nicht dem VK-Umfang in der Mappe Personalkostenaufstellung";"")
H30: =IF(H29=0,"",IF(H29<>Forderung!L26,"entspricht nicht 1:20!","")) | L30: => Betreuung Zelle H27: =WENN(H26<>Personalkostenaufstellung!B245;"VK-Prognose entspricht nicht dem VK-Umfang in der Mappe Personalkostenaufstellung";"")
B31: 4. | C31: Leitung / Verwaltung | H31: =IF(H29<>Personalkostenaufstellung!B274,"VK-Prognose entspricht nicht dem VK-Umfang in der Mappe Personalkostenaufstellung","") | L31: => 43 b Zelle H31: =WENN(H29<>Personalkostenaufstellung!B274;"VK-Prognose entspricht nicht dem VK-Umfang in der Mappe Personalkostenaufstellung";"")
C32: Einrichtungsleitung | L32: =>LuV Zelle H35: =WENN(H34<>Personalkostenaufstellung!B297;"VK-Prognose entspricht nicht dem VK-Umfang in der Mappe Personalkostenaufstellung";"")
C33: Verwaltungskräfte | L33: => HW ZelleH40: =WENN(H39<>Personalkostenaufstellung!B330;"VK-Prognose entspricht nicht dem VK-Umfang in der Mappe Personalkostenaufstellung";"")
D34: Gesamt Leitung / Verwaltung | G34: =SUM(G32:G33) -> 0 | H34: =SUM(H32:H33) -> 0 | I34: =Personalkostenaufstellung!O297 -> 0 | J34: =IFERROR((H34*I34)*(1+pnk+I57)*(1+risiko),"") | L34: => Küche Zelle H42: =WENN(H41<>Personalkostenaufstellung!B363;"VK-Prognose entspricht nicht dem VK-Umfang in der Mappe Personalkostenaufstellung";"")
H35: =IF(H34<>Personalkostenaufstellung!B297,"VK-Prognose entspricht nicht dem VK-Umfang in der Mappe Personalkostenaufstellung","") | L35: => HAT Zelle H44: =WENN(H43<>Personalkostenaufstellung!B376;"VK-Prognose entspricht nicht dem VK-Umfang in der Mappe Personalkostenaufstellung";"")
B36: 5. | C36: Hauswirtschaft | L36: => Freiwillige Dienste Zelle H61: =WENN(H60<>Personalkostenaufstellung!L380;"Stellenprognose entspricht nicht dem Stellenumfang in der Mappe Personalkostenaufstellung";"")
C37: Wäscherei / Reinigung / Sonstiges | L37: => FSJ Zelle H63: =WENN(H62<>Personalkostenaufstellung!L381;"Stellenprognose entspricht nicht dem Stellenumfang in der Mappe Personalkostenaufstellung";"")
C38: Präsenzkräfte (4. Generation) | L38: bi/ in Zeile 61 Spaltenhöhe auf 13,5 erhöht
D39: Gesamt Hauswirtschaft | G39: =SUM(G37:G38) -> 0 | H39: =SUM(H37:H38) -> 0 | I39: =Personalkostenaufstellung!O330 -> 0 | J39: =IFERROR((H39*I39)*(1+pnk+I57)*(1+risiko),"") | L39: bi/ Begrenzung für Erfassung der VK Stellen auf maximal 3 Nachkommastellen funktioniert nicht zu 100% (excel-Problem - Anfrage bei KubusIT-> Vorschlag nicht so akzeptabel), deshalb Datenüberprüfung nur mit Eingabehinweis versehen und Formel für bedingte Eingabe entfernt
H40: =IF(H39<>Personalkostenaufstellung!B330,"VK-Prognose entspricht nicht dem VK-Umfang in der Mappe Personalkostenaufstellung","")
B41: 6. | C41: Küche | I41: =Personalkostenaufstellung!O363 -> 0 | J41: =IFERROR((H41*I41)*(1+pnk+I57)*(1+risiko),"")
H42: =IF(H41<>Personalkostenaufstellung!B363,"VK-Prognose entspricht nicht dem VK-Umfang in der Mappe Personalkostenaufstellung","")
B43: 7. | C43: Haustechnik | I43: =Personalkostenaufstellung!O376 -> 0 | J43: =IFERROR((H43*I43)*(1+pnk+I57)*(1+risiko),"")
H44: =IF(H43<>Personalkostenaufstellung!B376,"VK-Prognose entspricht nicht dem VK-Umfang in der Mappe Personalkostenaufstellung","")
L45: bi/Inhalte aus Zeile 45 entfernt (Angaben zu Mitarbeiter Beförderung - teilstationäre Pflege)
C47: ZWISCHENSUMME GESAMTPERSONALKOSTEN | I47: =H17*I17+H26*I26+H29*I29+H34*I34+H39*I39+H41*I41+H43*I43 -> #VALUE! | J47: =IFERROR(ROUND(SUM(J17,J26,J29,J34,J39,J41,J43),2),"") -> 0 | L47: bi/Formel in Zelle I47 angespasst (kein Bezug mehr zu Inhalten aus Zeile 45)
L48: bi/Formel in Zelle J47 angespasst (kein Bezug mehr zu Inhalten aus Zeile 45)
B49: — | C49: Personalnebenkosten | L49: bi/in Zeile 56 noch 2 weitere Zeilen eingefügt
D50: Berufsgenossenschaft | G50: jährlich Gesamt in EUR | L50: bi/in Zeile 57 Feld für die Erfassung von steuerfreien Sachbezügen im Sinne § 8 Abs. 2 EStG eingefügt
D51: Ausgleichsabgabe | G51: jährlich Gesamt in EUR | L51: bi/ in Zelle C58 Hinweisfeld eingefügt =WENN(J57>0;"Bitte Forderung für steuerfreie Sachbezüge nach § 8 Abs. 2 EStG begründen und nachweisen.";"")bi/Hinweistext angepasst ohne Nachweisforderung
D52: Fortbildung | G52: jährlich Gesamt in EUR | L52: bi/ Verteilung des Betrages nach § 8 Abs. 2 EStG mittels %-Satz auf die Funktionsbereiche analog PNK
D53: Arbeits- und Gesundheitsschutz | G53: jährlich Gesamt in EUR | L53: deshalb in Zelle I57 Formel eingefügt WENNFEHLER(RUNDEN(J57/I47;4);"") => Berechnung analog PNK %
L54: Formel in folgenden Zellen wurden angepasst (für sv-freier Sachbezug wird UR mit berechnet,die bisherige Berechnung bleibt grds. weiter bestehen, aber nicht die Steigerung der Steigerung der Steigerung sein):
D55: Gesamt Personalnebenkosten | I55: =IFERROR(ROUND(J55/I47,4),"") | J55: =SUM(H50:H53) -> 0 | L55: J17 = WENNFEHLER((H17*I17)*(1+pnk+I57)*(1+risiko);"")
L56: J26 =WENNFEHLER((H26*I26)*(1+pnk+I57)*(1+risiko);"")
B57: — | C57: steuerfreie Sachbezüge im Sinne § 8 Abs. 2 EStG | I57: =IFERROR(ROUND(J57/I47,4),"") | L57: J29 =WENNFEHLER((H29*I29)*(1+pnk+I57)*(1+risiko);"")
C58: =IF(J57>0,"Bitte Forderung für steuerfreie Sachbezüge nach § 8 Abs. 2 EStG begründen.","") | L58: J34 =WENNFEHLER((J34*K34)*(1+pnk+I57)*(1+risiko);"")
B59: — | C59: Zuschlag nach § 32 Abs. 4 Rahmenvertrag | H59: Prozentsatz auf Bruttopersonalkosten | J59: =IFERROR(I47*risiko,"") | L59: J39 =WENNFEHLER((H39*I39)*(1+pnk+I57)*(1+risiko);"")
I60: =IF(risiko>0.02,"Hinweis: Risiken über 2 % sind zu begründen und mit Nachweisen zu belegen","") | L60: J41 =WENNFEHLER((H41*I41)*(1+pnk+I57)*(1+risiko);"")
G61: Anzahl | H61: Anzahl | I61: Kosten je Stelle | L61: J43 =WENNFEHLER((H43*I43)*(1+pnk+I57)*(1+risiko);"")
B62: 8. | C62: Freiwillige Dienste | I62: =Personalkostenaufstellung!M380 -> 0 | L62: bi/ neue Nummerierung für freiwillige Dienste/FSJ (bisher 9. jetzt.8.)
H63: =IF(H62<>Personalkostenaufstellung!L380,"Stellenprognose entspricht nicht dem Stellenumfang in der Mappe Personalkostenaufstellung","") | L63: bi/Zelle C59 bisher "Unternehmerrisiko" => neue Bezeichnung "Zuschlag nach § 32 Abs. 4 Rahmenvertrag"
C64: FSJ Einsatzstellen | I64: =Personalkostenaufstellung!M381 -> 0 | L64: bi/in Zelle H60/H62 Eingabehinweis entfernt
H65: =IF(H64<>Personalkostenaufstellung!L381,"Stellenprognose entspricht nicht dem Stellenumfang in der Mappe Personalkostenaufstellung","")
L66: bi/Abbildung der refinanzierten Stellen nach dem Pflegestärkungsgesetz
L67: bi/Zelle H64 => Einfügen Eingabe/Hinweisfeld "Eingabe mit drei Nachkommastellen// keine Berücksichtigung in SGB XI Verhandlung"
A68: * | B68: Um die Lesbarkeit zu vereinfachen wird auf die zusätzliche Formulierung der weiblichen Form verzichtet. Es wird darauf hingewiesen, | L68: bi/Zelle H60+H62 Bezug zur Personalkostenaufstellung entfernt, Zellen sind wieder Eingaqbefelder
B69: dass die ausschließliche Verwendung der männlichen Form explizit als geschlechtsunabhängig verstanden werden soll.
C72: gehe weiter zu Sachaufwendungen | L72: 22.5.19: Link angepasst - PK-Aufstellung vor Personalaufwendungen

Sheet Sachaufwendungen
A1: ='Allgemeine Angaben'!A1:N1 -> Aufforderung zum Abschluss einer Pflegesatzvereinbarung gemäß §§ 84, 85 SGB XI | Q1: 43600
A2: Sachkosten - Fremdleistungen/Leistungen des Trägers für die Pflegeeinrichtung | Q2: 43620
A3: ='Allgemeine Angaben'!A3:N3
B4: ='Allgemeine Angaben'!B4 | J4: ='Allgemeine Angaben'!K4 -> Antrag vom: | L4: ='Allgemeine Angaben'!L4:M4 -> 0
C6: Fremdleistungen | I6: Leistungen des Trägers | Q6: bi/Kopfzeile in Zelle 4 von Allgemeinen Angaben übernommen - Bezüge hergestellt
D8: vollständig - anteilig | J8: vollständig - anteilig
E10: =B52 -> 3.1 | F10: Küche
E12: =B53 -> 3.2 | F12: =C53 -> Wäscherei
E14: =B54 -> 3.3 | F14: =C54 -> Wäschekennzeichnung | Q14: bi/in Zelle E10/E12/E14/E16/E20/E22/E24 Nummerierung aus Zellen B52 bis B59 übernommen, Bezüge hergestellt
E16: =B55 -> 3.4 | F16: =C55 -> Reinigung | Q16: bi/neue Zeile eingefügt in E24 damit Platz für Wäschekennzeichnung - Zelle F22 mit C58 und F24 mit C59 verbunden
E18: =B56 -> 3.5 | F18: =C56 -> Verwaltung
E20: =B57 -> 3.6 | F20: =C57 -> Haustechnik
E22: =B58 -> 3.7
E24: =B59 -> 3.8
B26: Sachkosten
G28: Aufwendungen | M28: € / Tag | O28: Erläuterung s. Anlage
G29: des letzten abgeschl. | J29: Prognose | L29: Prognose
G30: Kalenderjahres | L30: (inkl. Zuschlag nach § 32 Abs. 4 Rahmenvertrag) | Q30: bi/Zelle L29 bisher (inkl. Risiko/Wagnis) => Bezeichnung neu "inkl. Zuschlag nach § 32 Abs. 4 Rahmenvertrag"
G31: € | J31: € | L31: €
B33: 2.1 | C33: Lebensmittel | L33: =IFERROR(J33*(1+J63),"") -> 0 | M33: =IFERROR(L33/divisor,"")
B34: 2.2 | C34: Pflegerischer Bedarf | L34: =IFERROR(J34*(1+J63),"") -> 0 | M34: =IFERROR(L34/divisor,"")
B35: 2.3 | C35: Wasser, Energie, Brennstoffe | L35: =IFERROR(J35*(1+J63),"") -> 0 | M35: =IFERROR(L35/divisor,"")
B36: 2.4 | C36: Verwaltungsbedarf | L36: =IFERROR(J36*(1+J63),"") -> 0 | M36: =IFERROR(L36/divisor,"")
B37: 2.5 | C37: Zentrale Verwaltungsdienste | L37: =IFERROR(J37*(1+J63),"") -> 0 | M37: =IFERROR(L37/divisor,"")
B38: 2.6 | C38: Betreuungsaufwand | L38: =IFERROR(J38*(1+J63),"") -> 0 | M38: =IFERROR(L38/divisor,"")
B39: 2.7 | C39: Wirtschaftsbedarf | L39: =IFERROR(J39*(1+J63),"") -> 0 | M39: =IFERROR(L39/divisor,"")
B40: 2.8 | C40: Steuern/Abgaben/Versicherungen | L40: =IFERROR(J40*(1+J63),"") -> 0 | M40: =IFERROR(L40/divisor,"")
B41: 2.9 | C41: Wartung (keine Instandhaltung) | L41: =IFERROR(J41*(1+J63),"") -> 0 | M41: =IFERROR(L41/divisor,"")
B42: 2.10 | C42: sonstige Aufwendungen | L42: =IFERROR(J42*(1+J63),"") -> 0 | M42: =IFERROR(L42/divisor,"")
C43: Gesamtsumme | G43: =SUM(G33:H35,G36:H40,G41:H42) -> 0 | J43: =SUM(J33:J35,J36:J40,J41:J42) -> 0 | L43: =SUM(L33:L35,L36:L40,L41:L42) -> 0 | M43: =IFERROR(L43/divisor,"")
B45: Fremdleistungen / Leistungen des Trägers
G47: Aufwand des | M47: € / Tag | O47: Erläuterung s. Anlage
G48: letzten abgeschl. | J48: Prognose | L48: Prognose
G49: Kalenderjahres | L49: (inkl. Zuschlag nach § 32 Abs. 4 Rahmenvertrag) | Q49: bi/Zelle L48 bisher (inkl. Risiko/Wagnis) => Bezeichnung neu "inkl. Zuschlag nach § 32 Abs. 4 Rahmenvertrag"
G50: € | J50: € | L50: € | M50: € / Tag
B52: 3.1 | C52: Küche (ohne Pkt. 2.1) | L52: =IFERROR(J52*(1+J63),"") -> 0 | M52: =IFERROR(L52/divisor,"")
B53: 3.2 | C53: Wäscherei | L53: =IFERROR(J53*(1+J63),"") -> 0 | M53: =IFERROR(L53/divisor,"")
B54: 3.3 | C54: Wäschekennzeichnung | L54: =IFERROR(J54*(1+J63),"") -> 0 | M54: =IFERROR(L54/divisor,"") | Q54: bi/unter Pkt 3.3 neu Wäschekennzeichnung aufgenommen
B55: 3.4 | C55: Reinigung | L55: =IFERROR(J55*(1+J63),"") -> 0 | M55: =IFERROR(L55/divisor,"") | Q55: Wäschekennzeichnung soll sich automatisch errechnen => WV für Formel in ZelleJ53
B56: 3.5 | C56: Verwaltung | L56: =IFERROR(J56*(1+J63),"") -> 0 | M56: =IFERROR(L56/divisor,"")
B57: 3.6 | C57: Haustechnik | L57: =IFERROR(J57*(1+J63),"") -> 0 | M57: =IFERROR(L57/divisor,"")
B58: 3.7 | C58: =IF(F22<>0,F22,"") | L58: =IFERROR(J58*(1+J63),"") -> 0 | M58: =IFERROR(L58/divisor,"")
B59: 3.8 | C59: =IF(F24>0,F24,"") | L59: =IFERROR(J59*(1+J63),"") -> 0 | M59: =IFERROR(L59/divisor,"")
C60: Gesamtsumme | G60: =SUM(G52:H59) -> 0 | J60: =SUM(J52:J59) -> 0 | L60: =SUM(L52:L59) -> 0 | M60: =IFERROR(L60/divisor,"") | Q60: bi/ 1 weitere Zeile für sonstige FL eingefügt plus Formelübernahme
B63: Zuschlag nach § 32 Abs. 4 Rahmenvertrag | G63: Prozentsatz auf Sachkosten: | L63: =IF((J43+J60>0),(J43+J60)*J63,"") | Q63: bi/Zelle B62 bisher "Unternehmerrisiko" => neue Bezeichnung "Zuschlag nach § 32 Abs. 4 Rahmenvertrag"
J64: =IF(J63>0.02,"Hinweis: Risiken über 2 % sind zu begründen und mit Nachweisen zu belegen","")
D68: gehe weiter zu Beförderung
D70: gehe weiter zu Forderung

Sheet Forderung
A1: ='Allgemeine Angaben'!A1:N1 -> Aufforderung zum Abschluss einer Pflegesatzvereinbarung gemäß §§ 84, 85 SGB XI | N1: AUSBLENDEN und SPERREN
A2: Forderungen des Trägers der Pflegeeinrichtung | N2: 14.05.2019/15.05.2019 | P2: 43606 | Q2: 43620 | S2: 43622 | T2: 43691 | V2: 23.09.2019 dtr: Beförderung aus Zeile 55/56 und bedingte Formatierung gelöscht
A3: ='Allgemeine Angaben'!A3:N3 | N3: bi/Zeile 18 + 23 neu eingefügt | Q3: bi/Zellen 10/12/14/16 = Zellenhöhe =12,75
B4: ='Allgemeine Angaben'!B4 | I4: ='Allgemeine Angaben'!K4 -> Antrag vom: | K4: ='Allgemeine Angaben'!L4 -> 0 | N4: bi/ in Tab. Q18-V20 => RVT BB + Orientierungswerte für vst. hinterlegt (Äquivalenzwerte nach Rothgang für vst. gelöscht)
N5: bi/Formeln in Q42 bis Q46 wg. Nutzung der Orientierungswerte für Berechnung (direkter Dreisatz) angepasst
B6: 1. Personelle Ausstattung der Pflegeeinrichtung: | H6: Personalrelation | L6: check | N6: bi/PlausiHinweis - "das geforderte PR außerhalb des RVT liegt" in B10/B12/B14/16+B18 + B22 eingefügt
O7: 0 trifft zu | Q7: bi/ B12 neue Bezeichnung: "Pflege inkl. QM (ohne PDL/stellvertretende PDL) bisherige Bezeichnung: Pflege (inkl. PDL und QM)
B9: Pflege inkl. QM (ohne PDL/stellv. PDL) | F9: Pflegegrad 1 | H9: 1 | I9: : | K9: =IF(L9="","","1:") -> 1: | L9: =IF(O9="x",T43,"") -> FALSE | N9: 1 | O9: =IF(OR(Belegung!E26=0,Belegung!E26=""),"x","") -> x | Q9: bi/Tabellen mit Äquivalenzen nach Rothgang für KZP/TP entfernt
B10: =IF(J9="","",IF(J9<R18,"geforderte PR für Pflegegrad 1 liegt außerhalb der Rahmenvertragsempfehlung, bitte begründen",IF(J9>R19,"geforderte PR für Pflegegrad 1 liegt außerhalb der Rahmenvertragsempfehlung, bitte begründen",""))) | K10: =IF(L10="","","1:")
F11: Pflegegrad 2 | H11: 1 | I11: : | K11: =IF(L11="","","1:") -> 1: | L11: =IF(O11="x",T44,"") -> FALSE | N11: 2 | O11: =IF(OR(Belegung!E27=0,Belegung!E27=""),"x","") -> x | Q11: bi/Beschriftung Zelle L6 bisher Empfehlung => geändert in "check"
B12: =IF(J11="","",IF(J11<S18,"geforderte PR für Pflegegrad 2 liegt außerhalb der Rahmenvertragsempfehlung, bitte begründen",IF(J11>S19,"geforderte PR für Pflegegrad 2 liegt außerhalb der Rahmenvertragsempfehlung, bitte begründen",""))) | K12: =IF(L12="","","1:") | Q12: bi/ Plausifeld B20 angepasst das "RVT Vorgabe = Muss" bei PDL
F13: Pflegegrad 3 | H13: 1 | I13: : | K13: =IF(L13="","","1:") -> 1: | L13: =IF(O13="x",T45,"") -> FALSE | N13: 3 | O13: =IF(OR(Belegung!E28=0,Belegung!E28=""),"x","") -> x
B14: =IF(J13="","",IF(J13<T18,"geforderte PR für Pflegegrad 3 liegt außerhalb der Rahmenvertragsempfehlung, bitte begründen",IF(J13>T19,"geforderte PR für Pflegegrad 3 liegt außerhalb der Rahmenvertragsempfehlung, bitte begründen",""))) | K14: =IF(L14="","","1:") | Q14: bi/Kopfzeile in Zelle 4 angepasst - Bezüge zu Allgemeinen Angaben hergestellt
F15: Pflegegrad 4 | H15: 1 | I15: : | K15: =IF(L15="","","1:") -> 1: | L15: =IF(O15="x",T46,"") -> FALSE | N15: 4 | O15: =IF(OR(Belegung!E29=0,Belegung!E29=""),"x","") -> x
B16: =IF(J15="","",IF(J15<U18,"geforderte PR für Pflegegrad 4 liegt außerhalb der Rahmenvertragsempfehlung, bitte begründen",IF(J15>U19,"geforderte PR für Pflegegrad 4 liegt außerhalb der Rahmenvertragsempfehlung, bitte begründen",""))) | K16: =IF(L16="","","1:")
F17: Pflegegrad 5 | H17: 1 | I17: : | K17: =IF(L17="","","1:") -> 1: | L17: =IF(O17="x",T47,"") -> FALSE | N17: 5 | O17: =IF(OR(Belegung!E30=0,Belegung!E30=""),"x","") -> x | R17: PG 1 | S17: PG 2 | T17: PG 3 | U17: PG 4 | V17: PG 5
B18: =IF(J17="","",IF(J17<V18,"geforderte PR für Pflegegrad 5 liegt außerhalb der Rahmenvertragsempfehlung, bitte begründen",IF(J17>V19,"geforderte PR für Pflegegrad 5 liegt außerhalb der Rahmenvertragsempfehlung, bitte begründen",""))) | Q18: BB min RVT 1 : | R18: 7.6 | S18: 4.13 | T18: 2.66 | U18: 2 | V18: 1.85
B19: PDL/ stellvertretende PDL | J19: =Personalaufwendungen!H12 -> 0 | L19: =Q62 -> 0.75 | O19: =IF(OR(Belegung!E19=0,Belegung!E19=""),"x","") | Q19: BB max RVT 1 : | R19: 8.4 | S19: 4.57 | T19: 2.94 | U19: 2.21 | V19: 2.05
B20: =IF(J19=L19,"",IF(J19<Q62,"Forderung VK PDL/stellv.PDL liegt außerhalb des Rahmenvertrages",IF(J19>Q62,"Forderung VK PDL/stellv. PDL liegt außerhalb des Rahmenvertrages"))) -> Forderung VK PDL/stellv.PDL liegt außerhalb des Rahmenvertrages
B21: =F21*0.2/100 -> 0 | E21: ΣVK von Blatt 3 ohne PDL/stellv. PDL | F21: =Personalaufwendungen!H17-Personalaufwendungen!H12 -> 0 | I21: Σ | J21: =IFERROR((Belegung!E26/J9)+(Belegung!E27/J11)+(Belegung!E28/J13)+(Belegung!E29/J15)+(Belegung!E30/J17),0) -> 0 | Q21: Orientierungswert | R21: 8 | S21: 4.35 | T21: 2.8 | U21: 2.1 | V21: 1.95
F22: =IF(F21=J21,"",IF(AND(F21-B21<=J21,(F21+B21>=J21)),"","Personalrelationen bitte prüfen - es besteht keine Plausibilität")) | S22: =S21/R21-1 -> -0.45625 | T22: =T21/S21-1 -> -0.35632184 | U22: =U21/T21-1 -> -0.25 | V22: =V21/U21-1 -> -0.071428571
B23: Betreuung | H23: 1 | I23: : | K23: 1: | L23: =IF(Personalaufwendungen!H26>0,'Allgemeine Angaben'!$L$44/Personalaufwendungen!H26,"")
B24: =IF(J23="","",IF($J$23<$N$70,"geforderte PR Betreuung liegt außerhalb der Rahmenvertragsempfehlung, bitte begründen",IF($J$23>$O$70,"geforderte PR Betreuung liegt außerhalb der Rahmenvertragsempfehlung, bitte begründen bzw. korrigieren",""))) | Q24: Leistungbetrag vst | R24: 125 | S24: 770 | T24: 1262 | U24: 1775 | V24: 2005
B26: Zusätzliches Betreuungspersonal gem. § 43b SGB XI | H26: 1 | I26: : | J26: 20 | L26: ='Allgemeine Angaben'!L44/J26 -> 0 | S26: 1 | T26: =T24/S24 -> 1.638961 | U26: =U24/S24 -> 2.3051948 | V26: =V24/S24 -> 2.6038961
T27: =T24/S24-1 -> 0.63896104 | U27: =U24/T24-1 -> 0.40649762 | V27: =V24/U24-1 -> 0.12957746
B28: Leitung und Verwaltung | H28: 1 | I28: : | K28: 1: | L28: =IF(Personalaufwendungen!H34>0,'Allgemeine Angaben'!$L$44/Personalaufwendungen!H34,"")
N29: bi/in Zelle B19 Rechtschreibfehler korrigiert bei stellv. PDL | R29: bi/B20 = Formel für Plausiabgleich VK Umfang PDL angepasst, Hinweis erfolgt sofern PDL VK ungleich RVT Umfang
B30: Hauswirtschaft | H30: 1 | I30: : | K30: 1: | L30: =IF(Personalaufwendungen!H39>0,'Allgemeine Angaben'!$L$44/Personalaufwendungen!H39,"") | N30: bi/unter PDL/stellv. PDL neue Zeile eingefügt => in B20 PlausiFeld eingefügt
N31: bi/L19 fehlende Verknüpfung zu PlausiErgebnis in Zelle Q61 hergestellt, DropDown Hinweis eingefügt
B32: Küche | H32: 1 | I32: : | K32: 1: | L32: =IF(Personalaufwendungen!H41>0,'Allgemeine Angaben'!$L$44/Personalaufwendungen!H41,"") | N32: bi/ Formel F20 angepasst: bisher Übernahme VK aus Personalaufwendungen H17 inkl. PDL/ neuer RVT PR Pflege ohne PDL/stellv. PDL => somit PflegeVK - PDL/stellv. PDL
B34: Haustechnik | H34: 1 | I34: : | K34: 1: | L34: =IF(Personalaufwendungen!H43>0,'Allgemeine Angaben'!$L$44/Personalaufwendungen!H43,"") | N34: PG | O34: check/PR | Q34: check = wenn Belegung 0 in der PG, dann ist die PR auch 0 | AA34: Fr. Bischoff Vorschlag 30.03.2017
N35: 1 | O35: =IF(Belegung!E26<>0,Forderung!J9,0) -> 0 | Q35: = wenn Belegung nicht 0 in der PG, dann bilde die geforderte PR ab
B36: Einsatzstellen FSJ / Freiwillige Dienste | G36: Anzahl: | L36: =IF(Personalaufwendungen!H62>0,Personalaufwendungen!H62+Personalaufwendungen!H64,IF(Personalaufwendungen!H64>0,Personalaufwendungen!H62+Personalaufwendungen!H64,"")) | N36: 2 | O36: =IF(Belegung!E27<>0,Forderung!J11,0) -> 0
N37: 3 | O37: =IF(Belegung!E28<>0,Forderung!J13,0) -> 0
N38: 4 | O38: =IF(Belegung!E29<>0,Forderung!J15,0) -> 0 | Q38: Kennzeichen Einrichtungsart: | S38: 1
N39: 5 | O39: =IF(Belegung!E30<>0,Forderung!J17,0) -> 0 | Q39: "1" = vst
L40: =IF('Allgemeine Angaben'!L45>0,"angeschlos-sene Kurz-zeitpflege","")
B41: 2. einrichtungseinheitlicher Eigenanteil, Pflegesätze und Entgelte: | N41: Hochrechnung bei Nullbelegung | Q41: Rechnung mit Äquvalenzen (Rothgang bei vst und KZP, Faktor bei tst) | Y41: a) Suche welche PG als nächstes belegt ist und zeige diesen an
O42: a | P42: b | Q42: c = "1" | T42: d | V42: e | Y42: b) suche zu a (zur ausgewiesenen PG) die entsprechende PR
B43: einrichtungseinheitlicher Eigenanteil | H43: (ohne Ausbildungsvergütung nach § 82a SGB XI) | J43: =IF(ISERROR(Gesamtkalkulation!J50),"",Gesamtkalkulation!J50) | K43: € / Tag | O43: =IF(O35>0,1,IF(O36>0,2,IF(O37>0,3,IF(O38>0,4,IF(O39>0,5))))) -> FALSE | P43: =IF(O43=1,O35,IF(O43=2,O36,IF(O43=3,O37,IF(O43=4,O38,IF(O43=5,O39))))) -> FALSE | Q43: =IF(O43=1,P43,IF(O43=2,P43*R21/S21,IF(O43=3,P43*R21/T21,IF(O43=4,P43/U21*R21,IF(O43=5,P43/V21*R21))))) -> FALSE | T43: =Q43 -> FALSE | V43: PG 1 | Y43: c) rechne anhand a und b die PR für die PG unter d zurück
O44: =IF(O36>0,2,IF(O37>0,3,IF(O35>0,1,IF(O38>0,4,IF(O39>0,5))))) -> FALSE | P44: =IF(O44=2,O36,IF(O44=3,O37,IF(O44=1,O35,IF(O44=4,O38,IF(O44=5,O39))))) -> FALSE | Q44: =IF(O44=2,P44,IF(O44=3,P44*S21/T21,IF(O44=1,P44*S21/R21,IF(O44=4,P44/U21*S21,IF(O44=5,P44/V21*S21))))) -> FALSE | T44: =Q44 -> FALSE | V44: PG 2 | Y44: c = "1" sind die PR für die PE vst,WK, WPH
B45: Pflegesätze | D45: Pflegegrad 1: | J45: =IF(Gesamtkalkulation!H52>0,Gesamtkalkulation!H52,"") | K45: € / Tag | L45: =IFERROR(Gesamtkalkulation!H54,"") | O45: =IF(O37>0,3,IF(O36>0,2,IF(O38>0,4,IF(O39>0,5,IF(O35>0,1))))) -> FALSE | P45: =IF(O45=3,O37,IF(O45=2,O36,IF(O45=4,O38,IF(O45=5,O39,IF(O45=1,O35))))) -> FALSE | Q45: =IF(O45=3,P45,IF(O45=2,P45/S21*T21,IF(O45=4,P45/U21*T21,IF(O45=5,P45/V21*T21,IF(O45=1,P45*T21/R21))))) -> FALSE | T45: =Q45 -> FALSE | V45: PG 3 | Y45: d) unter d) wird das Ergebnis von c) noch einmal abgebildet
O46: =IF(O38>0,4,IF(O37>0,3,IF(O39>0,5,IF(O36>0,2,IF(O35>0,1))))) -> FALSE | P46: =IF(O46=4,O38,IF(O46=3,O37,IF(O46=5,O39,IF(O46=2,O36,IF(O46=1,O35))))) -> FALSE | Q46: =IF(O46=4,P46,IF(O46=3,P46/T21*U21,IF(O46=5,P46/V21*U21,IF(O46=2,P46/S21*U21,IF(O46=1,P46/R21*U21))))) -> FALSE | T46: =Q46 -> FALSE | V46: PG 4 | Y46: (bisherige Wennfunktion entfernt)
D47: Pflegegrad 2: | J47: =IF(ISERROR(Gesamtkalkulation!J52),"",Gesamtkalkulation!J52) | K47: € / Tag | L47: =IFERROR(Gesamtkalkulation!J54,"") | O47: =IF(O39>0,5,IF(O38>0,4,IF(O37>0,3,IF(O36>0,2,IF(O35>0,1))))) -> FALSE | P47: =IF(O47=5,O39,IF(O47=4,O38,IF(O47=3,O37,IF(O47=2,O36,IF(O47=1,O35))))) -> FALSE | Q47: =IF(O47=5,P47,IF(O47=4,P47/U21*V21,IF(O47=3,P47/T21*V21,IF(O47=2,P47/S21*V21,IF(O47=1,P47/R21*V21))))) -> FALSE | T47: =Q47 -> FALSE | V47: PG 5 | Y47: (Formeln für tst/KZP aus Herleitung PR ohne Belegung entfernt)
D49: Pflegegrad 3: | J49: =IF(ISERROR(Gesamtkalkulation!L52),"",Gesamtkalkulation!L52) | K49: € / Tag | L49: =IFERROR(Gesamtkalkulation!L54,"")
N50: bi/ Wennfunktion in Zelle S37 entfernt, es gilt nur noch die "1" = vst.
D51: Pflegegrad 4: | J51: =IF(ISERROR(Gesamtkalkulation!N52),"",Gesamtkalkulation!N52) | K51: € / Tag | L51: =IFERROR(Gesamtkalkulation!N54,"") | N51: bi/EGH PR Forderung und Plausifeld in B 35 bis L 35 = Inhalte entfernt + bedingte Formatierungsregel gelöscht
N52: bi/EGH Forderung €/BT in B62 bis B63 = Inhalte entfernt + bedingte Formatierungsregel gelöscht
D53: Pflegegrad 5: | J53: =IF(ISERROR(Gesamtkalkulation!P52),"",Gesamtkalkulation!P52) | K53: € / Tag | L53: =IFERROR(Gesamtkalkulation!P54,"")
N54: bi/bedingte Formatierung in Zellen B43 bis L43 entfernt, EEE soll immer abgebildet werden, da der Antrag jetzt nur noch für vst. PE gilt!
D58: Vergütungszuschlag § 43 b SGB XI | J58: =IF(ISERROR(Gesamtkalkulation!V52),"",Gesamtkalkulation!V52) | K58: € / Tag | L58: =IFERROR(Gesamtkalkulation!V54,"") | N58: PlausiPrüfung PDL/stellv. PDL
N59: Rahmenvertrag vollstationär 5/2019: | Q59: Platzzahl LE: | R59: ='Allgemeine Angaben'!L44 -> 0
B60: Entgelte | D60: für die Unterkunft | J60: =IF(ISERROR(Gesamtkalkulation!R52),"",Gesamtkalkulation!R52) | K60: € / Tag | L60: =IFERROR(Gesamtkalkulation!R54,"") | N60: PDL/stellvertretende PDL zusätzlich folgende Personalausstattung
N61: Plätze von | O61: Plätze bis | P61: VK Ausstattung | Q61: VK Soll lt. RVT für LE
D62: für die Verpflegung | J62: =IF(ISERROR(Gesamtkalkulation!T52),"",Gesamtkalkulation!T52) | K62: € / Tag | L62: =IFERROR(Gesamtkalkulation!T54,"") | N62: 1 | O62: 40 | P62: 0.75 | Q62: =IF($R$59<41,0.75,IF($R$59<81,1,IF($R$59<151,1.25,IF($R$59>150,2,)))) -> 0.75
N63: 41 | O63: 80 | P63: 1
N64: 81 | O64: 150 | P64: 1.25
N65: 151 | O65: > 151 | P65: 2
N67: PlausiPrüfung Betreuung
N68: Rahmenvertrag vollstat. 5/2019 | Q68: =Q59 -> Platzzahl LE: | R68: =R59 -> 0
B69: Die Richtigkeit der in der Aufforderung enthaltenen Angaben wird bestätigt: | N69: BB min (1 : ) | O69: BB max (1 :)
N70: 33.25 | O70: 36.75
B75: Datum | F75: Rechtsverbindliche Unterschrift und Stempel
N76: bi/ B74 Antragsdatum wird aus Allgemeinen Angaben automatisch gezogen / Hinweisfeld in B76 => Datum der Antragstellung = Pflichtfeld entbehrlich
N77: bi/ Antragsdatum auf Blatt Forderung soll manuell erfasst werden = Formel vom 04.06.2019 in Zelle B74 gelöscht
C78: gehe weiter zu Gesamtkalkulation | N78: bi/ in Zelle B75 bisher Ort, Datum => jetzt nur noch Datum
N80: bi/ Ableitung der RVT-BB analog RVT
N81: Stand 6/2019 | O81: BB max | P81: Orientierungswert | Q81: BB min
O82: 1.05 | P82: lt. RVT | Q82: 0.95
N83: PG 1 | O83: =ROUND(P83*$O$82,2) -> 8.4 | P83: 8 | Q83: =ROUND(P83*$Q$82,2) -> 7.6
N84: PG 2 | O84: =ROUND(P84*$O$82,2) -> 4.57 | P84: 4.35 | Q84: =ROUND(P84*$Q$82,2) -> 4.13
N85: PG 3 | O85: =ROUND(P85*$O$82,2) -> 2.94 | P85: 2.8 | Q85: =ROUND(P85*$Q$82,2) -> 2.66
N86: PG 4 | O86: =ROUND(P86*$O$82,2) -> 2.21 | P86: 2.1 | Q86: =ROUND(P86*$Q$82,2) -> 2
N87: PG 5 | O87: =ROUND(P87*$O$82,2) -> 2.05 | P87: 1.95 | Q87: =ROUND(P87*$Q$82,2) -> 1.85
N89: Betreuung | O89: =ROUND(P89*$O$82,2) -> 36.75 | P89: 35 | Q89: =ROUND(P89*$Q$82,2) -> 33.25

Sheet Gesamtkalkulation
A1: ='Allgemeine Angaben'!A1:N1 -> Aufforderung zum Abschluss einer Pflegesatzvereinbarung gemäß §§ 84, 85 SGB XI | Y1: 14./15.05.2019 | Z1: 43690 | AA1: 43699
A2: Gesamtkalkulation | Y2: 43620 | Z2: 43711
A3: ='Allgemeine Angaben'!A3:N3 | Y3: 43622
B4: ='Allgemeine Angaben'!B4 | N4: ='Allgemeine Angaben'!K4 -> Antrag vom: | P4: ='Allgemeine Angaben'!L4 -> 0
E5: GELBER TEIL | J5: Öffnungstage | L5: Auslastung | N5: Divisor allg | P5: Tage/Monat | Y5: bi/Kopfzeile angepasst in Zeile 4 - Bezüge zu Allgemeinen Angaben hergestellt
C6: Gesamtplätze: | D6: =IF('Allgemeine Angaben'!L44>0,'Allgemeine Angaben'!L44,"") | E6: WIRD AUS- | J6: =IF(Belegung!D8>0,Belegung!D8,"") -> 365 | L6: =IF(Belegung!G6>0,Belegung!G6,"") | N6: =divisor -> 0 | P6: =IFERROR(ROUND(J6/12,2),"") -> 30.42 | Y6: bi/Formeln in den Zellen D17 bis D23 angepasst für Berücksichtigung der steuerfreien Sachbezüge nach § 8 Abs. 2 EStG
E8: GEBLENDET | J8: § 43b: | L8: =IF('Allgemeine Angaben'!D7="vst",100,IF('Allgemeine Angaben'!D7="kzp",100,L6)) | N8: =IFERROR(Belegung!E32*J6*L8/100,"") | Y8: D17 =Personalaufwendungen!I17*Personalaufwendungen!H17*(1+pnk+Personalaufwendungen!I57)*(1+risiko)
Y9: D18 =Personalaufwendungen!I26*Personalaufwendungen!H26*(1+pnk+Personalaufwendungen!I57)*(1+risiko)
D10: Plätze: | E10: =SUM(H10:P10) -> 0 | F10: EEA-Divisor | H10: =Belegung!E26 -> 0 | J10: =Belegung!E27 -> 0 | L10: =Belegung!E28 -> 0 | N10: =Belegung!E29 -> 0 | P10: =Belegung!E30 -> 0 | Y10: D19 =Personalaufwendungen!I29*Personalaufwendungen!H29*(1+pnk+Personalaufwendungen!I57)*(1+risiko)
D11: Divisor: | E11: =SUM(H11:P11) -> 0 | F11: =J11+L11+N11+P11 -> #VALUE! | H11: =IFERROR(H10*$J$6*$L$6/100,"") | J11: =IFERROR(J10*$J$6*$L$6/100,"") | L11: =IFERROR(L10*$J$6*$L$6/100,"") | N11: =IFERROR(N10*$J$6*$L$6/100,"") | P11: =IFERROR(P10*$J$6*$L$6/100,"") | Y11: D20 =Personalaufwendungen!I34*Personalaufwendungen!H34*(1+pnk+Personalaufwendungen!I57)*(1+risiko)
D12: Leistungsbetrag § 43 SGB XI (nur vollstationär): | J12: 770 | L12: 1262 | N12: 1775 | P12: 2005 | Y12: D21 =Personalaufwendungen!I39*Personalaufwendungen!H39*(1+pnk+Personalaufwendungen!I57)*(1+risiko)
Y13: D22 =Personalaufwendungen!I41*Personalaufwendungen!H41*(1+pnk+Personalaufwendungen!I57)*(1+risiko)
G14: Aufwendungen für Leistungen im Pflegegrad 1 | H14: Aufwendungen für Leistungen im Pflegegrad 1 | I14: Aufwendungen für Leistungen im Pflegegrad 2 | J14: Aufwendungen für Leistungen im Pflegegrad 2 | K14: Aufwendungen für Leistungen im Pflegegrad 3 | L14: Aufwendungen für Leistungen im Pflegegrad 3 | M14: Aufwendungen für Leistungen im Pflegegrad 4 | N14: Aufwendungen für Leistungen im Pflegegrad 4 | O14: Aufwendungen für Leistungen im Pflegegrad 5 | P14: Aufwendungen für Leistungen im Pflegegrad 5 | Q14: Aufwendungen für die Unterkunft | R14: Aufwendungen für die Unterkunft | S14: Aufwendungen für die Verpflegung | T14: Aufwendungen für die Verpflegung | U14: Aufwendungen für § 43b | V14: Aufwendungen für § 43b | Y14: D23 =Personalaufwendungen!I43*Personalaufwendungen!H43*(1+pnk+Personalaufwendungen!I57)*(1+risiko)
D15: Gesamtaufwendungen | E15: Plausi Ges. | F15: ANT am PS | G15: Gesamt in € | H15: Tag / € | I15: Gesamt in € | J15: Tag / € | K15: Gesamt in € | L15: Tag / € | M15: Gesamt in € | N15: Tag / € | O15: Gesamt in € | P15: Tag / € | Q15: Gesamt in € | R15: Tag / € | S15: Gesamt in € | T15: Tag / € | U15: Gesamt in € | V15: Tag / €
B16: 1. | C16: Personalaufwendungen (ohne 1.3.) | D16: =SUM(D17:D18,D20:D24) -> #VALUE! | E16: =G16+I16+K16+M16+O16+Q16 -> #VALUE! | G16: =SUM(G17:G24) -> #VALUE! | H16: =SUM(H17:H24) -> #VALUE! | I16: =SUM(I17:I24) -> #VALUE! | J16: =SUM(J17:J24) -> #VALUE! | K16: =SUM(K17:K24) -> #VALUE! | L16: =SUM(L17:L24) -> #VALUE! | M16: =SUM(M17:M24) -> #VALUE! | N16: =SUM(N17:N24) -> #VALUE! | ... P16: =SUM(P17:P24) -> #VALUE! | Q16: =SUM(Q20:Q24) -> #VALUE! | R16: =SUM(R20:R24) -> #VALUE!
B17: 1.1. | C17: =Personalaufwendungen!C10 -> Pflege inklusive QM, PDL/ stellvertretende PDL | D17: =Personalaufwendungen!I17*Personalaufwendungen!H17*(1+pnk+Personalaufwendungen!I57)*(1+risiko) -> #VALUE! | E17: =G17+I17+K17+M17+O17 -> #VALUE! | F17: 1 | G17: =$D17*$F17*KAT!E32 -> #VALUE! | H17: =G17/$H$11 -> #VALUE! | I17: =$D17*$F17*KAT!E33 -> #VALUE! | J17: =I17/$J$11 -> #VALUE! | K17: =$D17*$F17*KAT!E34 -> #VALUE! | L17: =K17/$L$11 -> #VALUE! | M17: =$D17*$F17*KAT!E35 -> #VALUE! | N17: =M17/$N$11 -> #VALUE! | O17: =$D17*$F17*KAT!E36 -> #VALUE! | P17: =O17/$P$11 -> #VALUE!
B18: 1.2. | C18: =Personalaufwendungen!C21 -> Betreuung | D18: =Personalaufwendungen!I26*Personalaufwendungen!H26*(1+pnk+Personalaufwendungen!I57)*(1+risiko) -> #VALUE! | E18: =G18+I18+K18+M18+O18+Q18 -> #VALUE! | F18: 1 | G18: =D18*F18/$N$6*$H$11 -> #VALUE! | H18: =G18/$H$11 -> #VALUE! | I18: =D18*F18/$N$6*$J$11 -> #VALUE! | J18: =I18/$J$11 -> #VALUE! | K18: =D18*F18/$N$6*$L$11 -> #VALUE! | L18: =K18/$L$11 -> #VALUE! | M18: =D18*F18/$N$6*$N$11 -> #VALUE! | N18: =M18/$N$11 -> #VALUE! | O18: =D18*F18/$N$6*$P$11 -> #VALUE! | P18: =O18/$P$11 -> #VALUE!
B19: 1.3. | C19: =Personalaufwendungen!C28 -> Zusätzliche Betreuung und Aktivierung | D19: =Personalaufwendungen!I29*Personalaufwendungen!H29*(1+pnk+Personalaufwendungen!I57)*(1+risiko) -> #VALUE! | U19: =D19 -> #VALUE! | V19: =U19/$N$8 -> #VALUE!
B20: 1.4. | C20: =Personalaufwendungen!C31 -> Leitung / Verwaltung | D20: =Personalaufwendungen!I34*Personalaufwendungen!H34*(1+pnk+Personalaufwendungen!I57)*(1+risiko) -> #VALUE! | E20: =G20+I20+K20+M20+O20+Q20 -> #VALUE! | F20: 0.5 | G20: =D20*F20/$N$6*$H$11 -> #VALUE! | H20: =G20/$H$11 -> #VALUE! | I20: =D20*F20/$N$6*$J$11 -> #VALUE! | J20: =I20/$J$11 -> #VALUE! | K20: =D20*F20/$N$6*$L$11 -> #VALUE! | L20: =K20/$L$11 -> #VALUE! | M20: =D20*F20/$N$6*$N$11 -> #VALUE! | N20: =M20/$N$11 -> #VALUE! | O20: =D20*F20/$N$6*$P$11 -> #VALUE! | P20: =O20/$P$11 -> #VALUE! | Q20: =D20*F20 -> #VALUE! | R20: =Q20/divisor -> #VALUE!
B21: 1.5. | C21: =Personalaufwendungen!C36 -> Hauswirtschaft | D21: =Personalaufwendungen!I39*Personalaufwendungen!H39*(1+pnk+Personalaufwendungen!I57)*(1+risiko) -> #VALUE! | E21: =G21+I21+K21+M21+O21+Q21 -> #VALUE! | F21: 0.5 | G21: =D21*F21/$N$6*$H$11 -> #VALUE! | H21: =G21/$H$11 -> #VALUE! | I21: =D21*F21/$N$6*$J$11 -> #VALUE! | J21: =I21/$J$11 -> #VALUE! | K21: =D21*F21/$N$6*$L$11 -> #VALUE! | L21: =K21/$L$11 -> #VALUE! | M21: =D21*F21/$N$6*$N$11 -> #VALUE! | N21: =M21/$N$11 -> #VALUE! | O21: =D21*F21/$N$6*$P$11 -> #VALUE! | P21: =O21/$P$11 -> #VALUE! | Q21: =D21*F21 -> #VALUE! | R21: =Q21/divisor -> #VALUE!
B22: 1.6. | C22: =Personalaufwendungen!C41 -> Küche | D22: =Personalaufwendungen!I41*Personalaufwendungen!H41*(1+pnk+Personalaufwendungen!I57)*(1+risiko) -> #VALUE! | E22: =G22+I22+K22+M22+O22+Q22 -> #VALUE! | F22: 0.5 | G22: =D22*F22/$N$6*$H$11 -> #VALUE! | H22: =G22/$H$11 -> #VALUE! | I22: =D22*F22/$N$6*$J$11 -> #VALUE! | J22: =I22/$J$11 -> #VALUE! | K22: =D22*F22/$N$6*$L$11 -> #VALUE! | L22: =K22/$L$11 -> #VALUE! | M22: =D22*F22/$N$6*$N$11 -> #VALUE! | N22: =M22/$N$11 -> #VALUE! | O22: =D22*F22/$N$6*$P$11 -> #VALUE! | P22: =O22/$P$11 -> #VALUE! | Q22: =D22*F22 -> #VALUE! | R22: =Q22/divisor -> #VALUE! | Y22: bi/Vorschlag von Dr. Morgenstern soll jetzt die Endlösung sein (KSV + AOK Vorschlag Rechnung mit PR)
B23: 1.7. | C23: =Personalaufwendungen!C43 -> Haustechnik | D23: =Personalaufwendungen!I43*Personalaufwendungen!H43*(1+pnk+Personalaufwendungen!I57)*(1+risiko) -> #VALUE! | E23: =G23+I23+K23+M23+O23+Q23 -> #VALUE! | F23: 0.5 | G23: =D23*F23/$N$6*$H$11 -> #VALUE! | H23: =G23/$H$11 -> #VALUE! | I23: =D23*F23/$N$6*$J$11 -> #VALUE! | J23: =I23/$J$11 -> #VALUE! | K23: =D23*F23/$N$6*$L$11 -> #VALUE! | L23: =K23/$L$11 -> #VALUE! | M23: =D23*F23/$N$6*$N$11 -> #VALUE! | N23: =M23/$N$11 -> #VALUE! | O23: =D23*F23/$N$6*$P$11 -> #VALUE! | P23: =O23/$P$11 -> #VALUE! | Q23: =D23*F23 -> #VALUE! | R23: =Q23/divisor -> #VALUE! | Y23: bi/bisher wurden die Personalkosten Pflege gesamt auf die einzelnen PG mittels PR und Belegung dr einzelnen PG verteilt, mit dem neuen RVT wird der VK-Anteil der PDL/stellv. aus den PR der PG herausgelöst und muss deshalb zusätzlich mit eingerechnet werden => für PDL/stellv. wird mittels einer internen PR der VK-Anteil mit berücksichtigt
B24: 1.8. | C24: Freiwillige Dienste, FSJ | D24: =Personalaufwendungen!I62*Personalaufwendungen!H62+Personalaufwendungen!I64*Personalaufwendungen!H64 -> 0 | E24: =G24+I24+K24+M24+O24+Q24 -> #DIV/0! | F24: 0.5 | G24: =D24*F24/$N$6*$H$11 -> #DIV/0! | H24: =G24/$H$11 -> #DIV/0! | I24: =D24*F24/$N$6*$J$11 -> #DIV/0! | J24: =I24/$J$11 -> #DIV/0! | K24: =D24*F24/$N$6*$L$11 -> #DIV/0! | L24: =K24/$L$11 -> #DIV/0! | M24: =D24*F24/$N$6*$N$11 -> #DIV/0! | N24: =M24/$N$11 -> #DIV/0! | O24: =D24*F24/$N$6*$P$11 -> #DIV/0! | P24: =O24/$P$11 -> #DIV/0! | Q24: =D24*F24 -> 0 | R24: =Q24/divisor -> #DIV/0! | Y24: in den Zelle G17/I17;K17;M17;O17 wurden wie folgt ergänzt (runden notw., da ansonsten zu hohe Abweichungen):
Y25: =(...) + ($D17*$F17/Personalaufwendungen!$H$17*Belegung! je PG/runden(Allgemeine AngabenL44/PersonalaufwendungenH12;2))
B26: 2. | C26: Sachaufwendungen | D26: =SUM(D27:D36) -> 0 | E26: =G26+I26+K26+M26+O26+Q26+S26 -> #DIV/0! | G26: =SUM(G28:G36) -> #DIV/0! | H26: =SUM(H28:H36) -> #DIV/0! | I26: =SUM(I28:I36) -> #DIV/0! | J26: =SUM(J28:J36) -> #DIV/0! | K26: =SUM(K28:K36) -> #DIV/0! | L26: =SUM(L28:L36) -> #DIV/0! | M26: =SUM(M28:M36) -> #DIV/0! | N26: =SUM(N28:N36) -> #DIV/0! | ... P26: =SUM(P28:P36) -> #DIV/0! | Q26: =SUM(Q29:Q36) -> 0 | R26: =SUM(R29:R36) -> #DIV/0! | S26: =SUM(S27:S36) -> 0 | T26: =SUM(T27:T36) -> #DIV/0! | Y26: bi/ Anpassung der Berechnung (Vereinfachung) vom 13.08.2019 entspr. Vorschlag Hr. Pätzold vom 22.08.2019
B27: 2.1 | C27: =Sachaufwendungen!C33 -> Lebensmittel | D27: =Sachaufwendungen!L33 -> 0 | S27: =D27 -> 0 | T27: =S27/divisor -> #DIV/0! | Y27: bi/Vorschlag von Dr. Morgenstern soll jetzt die Endlösung sein (KSV + AOK Vorschlag Rechnung mit PR)
B28: 2.2 | C28: =Sachaufwendungen!C34 -> Pflegerischer Bedarf | D28: =Sachaufwendungen!L34 -> 0 | E28: =G28+I28+K28+M28+O28+Q28+S28 -> #DIV/0! | F28: 1 | G28: =D28*F28/divisor*$H$11 -> #DIV/0! | H28: =G28/$H$11 -> #DIV/0! | I28: =D28*F28/divisor*$J$11 -> #DIV/0! | J28: =I28/$J$11 -> #DIV/0! | K28: =D28*F28/divisor*$L$11 -> #DIV/0! | L28: =K28/$L$11 -> #DIV/0! | M28: =D28*F28/divisor*$N$11 -> #DIV/0! | N28: =M28/$N$11 -> #DIV/0! | O28: =D28*F28/divisor*$P$11 -> #DIV/0! | P28: =O28/$P$11 -> #DIV/0! | Y28: =Gesamtpersonalkosten Pflege (siehe Zelle D17) werden nach einem prozentualen Verteiler auf die einzelnen PG verteilt - siehe Hilfstabelle in Tab KAT A31 bis F39
B29: 2.3 | C29: =Sachaufwendungen!C35 -> Wasser, Energie, Brennstoffe | D29: =Sachaufwendungen!L35 -> 0 | E29: =G29+I29+K29+M29+O29+Q29+S29 -> #DIV/0! | F29: 0.5 | G29: =D29*F29/divisor*$H$11 -> #DIV/0! | H29: =G29/$H$11 -> #DIV/0! | I29: =D29*F29/divisor*$J$11 -> #DIV/0! | J29: =I29/$J$11 -> #DIV/0! | K29: =D29*F29/divisor*$L$11 -> #DIV/0! | L29: =K29/$L$11 -> #DIV/0! | M29: =D29*F29/divisor*$N$11 -> #DIV/0! | N29: =M29/$N$11 -> #DIV/0! | O29: =D29*F29/divisor*$P$11 -> #DIV/0! | P29: =O29/$P$11 -> #DIV/0! | Q29: =D29*F29 -> 0 | R29: =Q29/divisor -> #DIV/0! | Y29: (keine direkte Berechnung mit PR mehr)
B30: 2.4 | C30: =Sachaufwendungen!C36 -> Verwaltungsbedarf | D30: =Sachaufwendungen!L36 -> 0 | E30: =G30+I30+K30+M30+O30+Q30+S30 -> #DIV/0! | F30: 0.5 | G30: =D30*F30/divisor*$H$11 -> #DIV/0! | H30: =G30/$H$11 -> #DIV/0! | I30: =D30*F30/divisor*$J$11 -> #DIV/0! | J30: =I30/$J$11 -> #DIV/0! | K30: =D30*F30/divisor*$L$11 -> #DIV/0! | L30: =K30/$L$11 -> #DIV/0! | M30: =D30*F30/divisor*$N$11 -> #DIV/0! | N30: =M30/$N$11 -> #DIV/0! | O30: =D30*F30/divisor*$P$11 -> #DIV/0! | P30: =O30/$P$11 -> #DIV/0! | Q30: =D30*F30 -> 0 | R30: =Q30/divisor -> #DIV/0!
B31: 2.5 | C31: =Sachaufwendungen!C37 -> Zentrale Verwaltungsdienste | D31: =Sachaufwendungen!L37 -> 0 | E31: =G31+I31+K31+M31+O31+Q31+S31 -> #DIV/0! | F31: 0.5 | G31: =D31*F31/divisor*$H$11 -> #DIV/0! | H31: =G31/$H$11 -> #DIV/0! | I31: =D31*F31/divisor*$J$11 -> #DIV/0! | J31: =I31/$J$11 -> #DIV/0! | K31: =D31*F31/divisor*$L$11 -> #DIV/0! | L31: =K31/$L$11 -> #DIV/0! | M31: =D31*F31/divisor*$N$11 -> #DIV/0! | N31: =M31/$N$11 -> #DIV/0! | O31: =D31*F31/divisor*$P$11 -> #DIV/0! | P31: =O31/$P$11 -> #DIV/0! | Q31: =D31*F31 -> 0 | R31: =Q31/divisor -> #DIV/0!
B32: 2.6 | C32: =Sachaufwendungen!C38 -> Betreuungsaufwand | D32: =Sachaufwendungen!L38 -> 0 | E32: =G32+I32+K32+M32+O32+Q32+S32 -> #DIV/0! | F32: 1 | G32: =D32*F32/divisor*$H$11 -> #DIV/0! | H32: =G32/$H$11 -> #DIV/0! | I32: =D32*F32/divisor*$J$11 -> #DIV/0! | J32: =I32/$J$11 -> #DIV/0! | K32: =D32*F32/divisor*$L$11 -> #DIV/0! | L32: =K32/$L$11 -> #DIV/0! | M32: =D32*F32/divisor*$N$11 -> #DIV/0! | N32: =M32/$N$11 -> #DIV/0! | O32: =D32*F32/divisor*$P$11 -> #DIV/0! | P32: =O32/$P$11 -> #DIV/0!
B33: 2.7 | C33: =Sachaufwendungen!C39 -> Wirtschaftsbedarf | D33: =Sachaufwendungen!L39 -> 0 | E33: =G33+I33+K33+M33+O33+Q33+S33 -> #DIV/0! | F33: 0.5 | G33: =D33*F33/divisor*$H$11 -> #DIV/0! | H33: =G33/$H$11 -> #DIV/0! | I33: =D33*F33/divisor*$J$11 -> #DIV/0! | J33: =I33/$J$11 -> #DIV/0! | K33: =D33*F33/divisor*$L$11 -> #DIV/0! | L33: =K33/$L$11 -> #DIV/0! | M33: =D33*F33/divisor*$N$11 -> #DIV/0! | N33: =M33/$N$11 -> #DIV/0! | O33: =D33*F33/divisor*$P$11 -> #DIV/0! | P33: =O33/$P$11 -> #DIV/0! | Q33: =D33*F33 -> 0 | R33: =Q33/divisor -> #DIV/0!
B34: 2.8 | C34: =Sachaufwendungen!C40 -> Steuern/Abgaben/Versicherungen | D34: =Sachaufwendungen!L40 -> 0 | E34: =G34+I34+K34+M34+O34+Q34+S34 -> #DIV/0! | F34: 0.5 | G34: =D34*F34/divisor*$H$11 -> #DIV/0! | H34: =G34/$H$11 -> #DIV/0! | I34: =D34*F34/divisor*$J$11 -> #DIV/0! | J34: =I34/$J$11 -> #DIV/0! | K34: =D34*F34/divisor*$L$11 -> #DIV/0! | L34: =K34/$L$11 -> #DIV/0! | M34: =D34*F34/divisor*$N$11 -> #DIV/0! | N34: =M34/$N$11 -> #DIV/0! | O34: =D34*F34/divisor*$P$11 -> #DIV/0! | P34: =O34/$P$11 -> #DIV/0! | Q34: =D34*F34 -> 0 | R34: =Q34/divisor -> #DIV/0!
B35: 2.9 | C35: =Sachaufwendungen!C41 -> Wartung (keine Instandhaltung) | D35: =Sachaufwendungen!L41 -> 0 | E35: =G35+I35+K35+M35+O35+Q35+S35 -> #DIV/0! | F35: 0.5 | G35: =D35*F35/divisor*$H$11 -> #DIV/0! | H35: =G35/$H$11 -> #DIV/0! | I35: =D35*F35/divisor*$J$11 -> #DIV/0! | J35: =I35/$J$11 -> #DIV/0! | K35: =D35*F35/divisor*$L$11 -> #DIV/0! | L35: =K35/$L$11 -> #DIV/0! | M35: =D35*F35/divisor*$N$11 -> #DIV/0! | N35: =M35/$N$11 -> #DIV/0! | O35: =D35*F35/divisor*$P$11 -> #DIV/0! | P35: =O35/$P$11 -> #DIV/0! | Q35: =D35*F35 -> 0 | R35: =Q35/divisor -> #DIV/0!
B36: 2.10 | C36: =Sachaufwendungen!C42 -> sonstige Aufwendungen | D36: =Sachaufwendungen!L42 -> 0 | E36: =G36+I36+K36+M36+O36+Q36+S36 -> #DIV/0! | F36: 0.5 | G36: =D36*F36/divisor*$H$11 -> #DIV/0! | H36: =G36/$H$11 -> #DIV/0! | I36: =D36*F36/divisor*$J$11 -> #DIV/0! | J36: =I36/$J$11 -> #DIV/0! | K36: =D36*F36/divisor*$L$11 -> #DIV/0! | L36: =K36/$L$11 -> #DIV/0! | M36: =D36*F36/divisor*$N$11 -> #DIV/0! | N36: =M36/$N$11 -> #DIV/0! | O36: =D36*F36/divisor*$P$11 -> #DIV/0! | P36: =O36/$P$11 -> #DIV/0! | Q36: =D36*F36 -> 0 | R36: =Q36/divisor -> #DIV/0!
B38: 3. | C38: Fremdleistungen / Trägerleistungen | D38: =SUM(D39:D46) -> 0 | E38: =SUM(E39:E46) -> #DIV/0! | G38: =SUM(G39:G46) -> #DIV/0! | H38: =SUM(H39:H46) -> #DIV/0! | I38: =SUM(I39:I46) -> #DIV/0! | J38: =SUM(J39:J46) -> #DIV/0! | K38: =SUM(K39:K46) -> #DIV/0! | L38: =SUM(L39:L46) -> #DIV/0! | M38: =SUM(M39:M46) -> #DIV/0! | N38: =SUM(N39:N46) -> #DIV/0! | ... R38: =SUM(R39:R46) -> #DIV/0!
B39: =Sachaufwendungen!B52 -> 3.1 | C39: =Sachaufwendungen!C52 -> Küche (ohne Pkt. 2.1) | D39: =Sachaufwendungen!L52 -> 0 | E39: =G39+I39+K39+M39+O39+Q39 -> #DIV/0! | F39: 0.5 | G39: =D39*F39/divisor*$H$11 -> #DIV/0! | H39: =G39/$H$11 -> #DIV/0! | I39: =D39*F39/divisor*$J$11 -> #DIV/0! | J39: =I39/$J$11 -> #DIV/0! | K39: =D39*F39/divisor*$L$11 -> #DIV/0! | L39: =K39/$L$11 -> #DIV/0! | M39: =D39*F39/divisor*$N$11 -> #DIV/0! | N39: =M39/$N$11 -> #DIV/0! | O39: =D39*F39/divisor*$P$11 -> #DIV/0! | P39: =O39/$P$11 -> #DIV/0! | Q39: =D39*F39 -> 0 | R39: =Q39/divisor -> #DIV/0!
B40: =Sachaufwendungen!B53 -> 3.2 | C40: =Sachaufwendungen!C53 -> Wäscherei | D40: =Sachaufwendungen!L53 -> 0 | E40: =G40+I40+K40+M40+O40+Q40 -> #DIV/0! | F40: 0.5 | G40: =D40*F40/divisor*$H$11 -> #DIV/0! | H40: =G40/$H$11 -> #DIV/0! | I40: =D40*F40/divisor*$J$11 -> #DIV/0! | J40: =I40/$J$11 -> #DIV/0! | K40: =D40*F40/divisor*$L$11 -> #DIV/0! | L40: =K40/$L$11 -> #DIV/0! | M40: =D40*F40/divisor*$N$11 -> #DIV/0! | N40: =M40/$N$11 -> #DIV/0! | O40: =D40*F40/divisor*$P$11 -> #DIV/0! | P40: =O40/$P$11 -> #DIV/0! | Q40: =D40*F40 -> 0 | R40: =Q40/divisor -> #DIV/0!
B41: =Sachaufwendungen!B54 -> 3.3 | C41: =Sachaufwendungen!C54 -> Wäschekennzeichnung | D41: =Sachaufwendungen!L54 -> 0 | E41: =G41+I41+K41+M41+O41+Q41 -> #DIV/0! | F41: 0.5 | G41: =D41*F41/divisor*$H$11 -> #DIV/0! | H41: =G41/$H$11 -> #DIV/0! | I41: =D41*F41/divisor*$J$11 -> #DIV/0! | J41: =I41/$J$11 -> #DIV/0! | K41: =D41*F41/divisor*$L$11 -> #DIV/0! | L41: =K41/$L$11 -> #DIV/0! | M41: =D41*F41/divisor*$N$11 -> #DIV/0! | N41: =M41/$N$11 -> #DIV/0! | O41: =D41*F41/divisor*$P$11 -> #DIV/0! | P41: =O41/$P$11 -> #DIV/0! | Q41: =D41*F41 -> 0 | R41: =Q41/divisor -> #DIV/0!
B42: =Sachaufwendungen!B55 -> 3.4 | C42: =Sachaufwendungen!C55 -> Reinigung | D42: =Sachaufwendungen!L55 -> 0 | E42: =G42+I42+K42+M42+O42+Q42 -> #DIV/0! | F42: 0.5 | G42: =D42*F42/divisor*$H$11 -> #DIV/0! | H42: =G42/$H$11 -> #DIV/0! | I42: =D42*F42/divisor*$J$11 -> #DIV/0! | J42: =I42/$J$11 -> #DIV/0! | K42: =D42*F42/divisor*$L$11 -> #DIV/0! | L42: =K42/$L$11 -> #DIV/0! | M42: =D42*F42/divisor*$N$11 -> #DIV/0! | N42: =M42/$N$11 -> #DIV/0! | O42: =D42*F42/divisor*$P$11 -> #DIV/0! | P42: =O42/$P$11 -> #DIV/0! | Q42: =D42*F42 -> 0 | R42: =Q42/divisor -> #DIV/0!
B43: =Sachaufwendungen!B56 -> 3.5 | C43: =Sachaufwendungen!C56 -> Verwaltung | D43: =Sachaufwendungen!L56 -> 0 | E43: =G43+I43+K43+M43+O43+Q43 -> #DIV/0! | F43: 0.5 | G43: =D43*F43/divisor*$H$11 -> #DIV/0! | H43: =G43/$H$11 -> #DIV/0! | I43: =D43*F43/divisor*$J$11 -> #DIV/0! | J43: =I43/$J$11 -> #DIV/0! | K43: =D43*F43/divisor*$L$11 -> #DIV/0! | L43: =K43/$L$11 -> #DIV/0! | M43: =D43*F43/divisor*$N$11 -> #DIV/0! | N43: =M43/$N$11 -> #DIV/0! | O43: =D43*F43/divisor*$P$11 -> #DIV/0! | P43: =O43/$P$11 -> #DIV/0! | Q43: =D43*F43 -> 0 | R43: =Q43/divisor -> #DIV/0!
B44: =Sachaufwendungen!B57 -> 3.6 | C44: =IF(Sachaufwendungen!C57>0,Sachaufwendungen!C57,"") -> Haustechnik | D44: =Sachaufwendungen!L57 -> 0 | E44: =G44+I44+K44+M44+O44+Q44 -> #DIV/0! | F44: 0.5 | G44: =D44*F44/divisor*$H$11 -> #DIV/0! | H44: =G44/$H$11 -> #DIV/0! | I44: =D44*F44/divisor*$J$11 -> #DIV/0! | J44: =I44/$J$11 -> #DIV/0! | K44: =D44*F44/divisor*$L$11 -> #DIV/0! | L44: =K44/$L$11 -> #DIV/0! | M44: =D44*F44/divisor*$N$11 -> #DIV/0! | N44: =M44/$N$11 -> #DIV/0! | O44: =D44*F44/divisor*$P$11 -> #DIV/0! | P44: =O44/$P$11 -> #DIV/0! | Q44: =D44*F44 -> 0 | R44: =Q44/divisor -> #DIV/0!
B45: =Sachaufwendungen!B58 -> 3.7 | C45: =IF(Sachaufwendungen!C58>0,Sachaufwendungen!C58,"") | D45: =Sachaufwendungen!L58 -> 0 | E45: =G45+I45+K45+M45+O45+Q45 -> #DIV/0! | F45: 0.5 | G45: =D45*F45/divisor*$H$11 -> #DIV/0! | H45: =G45/$H$11 -> #DIV/0! | I45: =D45*F45/divisor*$J$11 -> #DIV/0! | J45: =I45/$J$11 -> #DIV/0! | K45: =D45*F45/divisor*$L$11 -> #DIV/0! | L45: =K45/$L$11 -> #DIV/0! | M45: =D45*F45/divisor*$N$11 -> #DIV/0! | N45: =M45/$N$11 -> #DIV/0! | O45: =D45*F45/divisor*$P$11 -> #DIV/0! | P45: =O45/$P$11 -> #DIV/0! | Q45: =D45*F45 -> 0 | R45: =Q45/divisor -> #DIV/0! | Y45: bi/Einfügen einer weiteren Zeile für die sonstigen FL - zieht Werte aus Zeile 57 von Tab Sachaufwendungen
B46: =Sachaufwendungen!B59 -> 3.8 | C46: =IF(Sachaufwendungen!C59>0,Sachaufwendungen!C59,"") | D46: =Sachaufwendungen!L59 -> 0 | E46: =G46+I46+K46+M46+O46+Q46 -> #DIV/0! | F46: 0.5 | G46: =D46*F46/divisor*$H$11 -> #DIV/0! | H46: =G46/$H$11 -> #DIV/0! | I46: =D46*F46/divisor*$J$11 -> #DIV/0! | J46: =I46/$J$11 -> #DIV/0! | K46: =D46*F46/divisor*$L$11 -> #DIV/0! | L46: =K46/$L$11 -> #DIV/0! | M46: =D46*F46/divisor*$N$11 -> #DIV/0! | N46: =M46/$N$11 -> #DIV/0! | O46: =D46*F46/divisor*$P$11 -> #DIV/0! | P46: =O46/$P$11 -> #DIV/0! | Q46: =D46*F46 -> 0 | R46: =Q46/divisor -> #DIV/0!
C48: =IF('Allgemeine Angaben'!D7<>"vst","errechnete Aufwendungen:","errechnete Aufwendungen nach Pflegegrad 2 bis 5:") -> errechnete Aufwendungen: | D48: =I48+K48+M48+O48 -> 0 | E48: =D38+D26+D16-Q16-Q26-Q38-S26-G48 -> #VALUE! | G48: =H48*H11 -> #VALUE! | H48: =IF(Belegung!E26=0,ROUND(Gesamtkalkulation!J52*0.78,2),ROUND((Gesamtkalkulation!H16+Gesamtkalkulation!H26+Gesamtkalkulation!H38),2)) -> #VALUE! | I48: =IFERROR(J48*J11,0) -> 0 | J48: =IF(ISERROR(J38+J26+J16),"",(J38+J26+J16)) | K48: =IFERROR(L48*L11,0) -> 0 | L48: =IF(ISERROR(L38+L26+L16),"",((L38+L26+L16))) | M48: =IFERROR(N48*N11,0) -> 0 | N48: =IF(ISERROR(N38+N26+N16),"",(N38+N26+N16)) | O48: =IFERROR(P48*P11,0) -> 0 | P48: =IF(ISERROR(P38+P26+P16),"",(P38+P26+P16))
C49: Umsatz Leistungsbeträge § 43 SGB XI: | D49: =IF('Allgemeine Angaben'!D7="vst",(((J12*J10)+(L12*L10)+(N12*N10)+(P12*P10))*12)*$L$6/100,"") | E49: =IF('Allgemeine Angaben'!D7="vst",I49+K49+M49+O49,"") | I49: =IF('Allgemeine Angaben'!D7="vst",J12/($P$6)*J11,"") | J49: =IF('Allgemeine Angaben'!D7="vst",I49/J11,"") | K49: =IF('Allgemeine Angaben'!D7="vst",L12/($P$6)*L11,"") | L49: =IF('Allgemeine Angaben'!D7="vst",K49/L11,"") | M49: =IF('Allgemeine Angaben'!D7="vst",N12/($P$6)*N11,"") | N49: =IF('Allgemeine Angaben'!D7="vst",M49/N11,"") | O49: =IF('Allgemeine Angaben'!D7="vst",P12/($P$6)*P11,"") | P49: =IF('Allgemeine Angaben'!D7="vst",O49/P11,"")
C50: Budget Eigenanteil nach Pflegegraden: | D50: =IF('Allgemeine Angaben'!D7="vst",D48-D49,"") | E50: =IF('Allgemeine Angaben'!D7="vst",I50+K50+M50+O50,"") | I50: =IF('Allgemeine Angaben'!D7="vst",(I48-I49),"") | J50: =IF('Allgemeine Angaben'!$D$7="vst",ROUND($D$50/eeadivisor,2),"") | K50: =IF('Allgemeine Angaben'!D7="vst",(K48-K49),"") | L50: =IF('Allgemeine Angaben'!$D$7="vst",ROUND($D$50/eeadivisor,2),"") | M50: =IF('Allgemeine Angaben'!D7="vst",(M48-M49),"") | N50: =IF('Allgemeine Angaben'!$D$7="vst",ROUND($D$50/eeadivisor,2),"") | O50: =IF('Allgemeine Angaben'!D7="vst",(O48-O49),"") | P50: =IF('Allgemeine Angaben'!$D$7="vst",ROUND($D$50/eeadivisor,2),"") | R50: (ohne Ausbildungsvergütung nach § 82a SGB XI) | Y50: bi/Formeln in Zelle J52/L52/N52//52 angepasst => kein Bezug mehr zu Berechnungen tst./KZP und Wenn Bezug zu "vst" am 04.06.2019 entfernt
Y51: Zelle J52 | Z51: =WENN('Allgemeine Angaben'!D7="vst";RUNDEN(J12/$P$6+J50;2);WENN('Allgemeine Angaben'!D7<>"vst";Forderung!U69))
D52: errechnete Pflegesätze (Tag je Platz): | G52: Pflegegrad 1: | H52: =IF(ISERROR(H48),"",H48) | I52: Pflegegrad 2: | J52: =ROUND(J12/$P$6+J50,2) -> #VALUE! | K52: Pflegegrad 3: | L52: =ROUND(L12/$P$6+L50,2) -> #VALUE! | M52: Pflegegrad 4: | N52: =ROUND(N12/$P$6+N50,2) -> #VALUE! | O52: Pflegegrad 5: | P52: =ROUND(P12/$P$6+P50,2) -> #VALUE! | Q52: Unterkunft: | R52: =IF(ROUND(R38+R26+R16,2)=0,"",ROUND(R38+R26+R16,2)) -> #DIV/0! | S52: Verpflegung: | T52: =IF(T26=0,"",ROUND(T26,2)) -> #DIV/0! | U52: § 43b SGB XI: | V52: =ROUND(V19-0.03,2) -> #VALUE! | Y52: Zelle L52 | Z52: =WENN('Allgemeine Angaben'!D7="vst";RUNDEN(L12/$P$6+L50;2);WENN('Allgemeine Angaben'!D7<>"vst";Forderung!U70))
Y53: Zelle N52 | Z53: =WENN('Allgemeine Angaben'!D7="vst";RUNDEN(N12/$P$6+L50;2);WENN('Allgemeine Angaben'!D7<>"vst";Forderung!U71))
C54: =IF('Allgemeine Angaben'!L45>0,"errechnete Pflegesätze (Tag je Platz) für angebundene Kurzzeitpflege:","") | G54: =IF('Allgemeine Angaben'!$L$45>0,Gesamtkalkulation!G52,"") | H54: =IF(Belegung!E26>0,Gesamtkalkulation!H48*0.96/0.9,J54*0.78) -> #VALUE! | I54: =IF('Allgemeine Angaben'!$L$45>0,Gesamtkalkulation!I52,"") | J54: =IF('Allgemeine Angaben'!$L$45>0,Gesamtkalkulation!J48*0.96/0.9,"") | K54: =IF('Allgemeine Angaben'!$L$45>0,Gesamtkalkulation!K52,"") | L54: =IF('Allgemeine Angaben'!$L$45>0,Gesamtkalkulation!L48*0.96/0.9,"") | M54: =IF('Allgemeine Angaben'!$L$45>0,Gesamtkalkulation!M52,"") | N54: =IF('Allgemeine Angaben'!$L$45>0,Gesamtkalkulation!N48*0.96/0.9,"") | O54: =IF('Allgemeine Angaben'!$L$45>0,Gesamtkalkulation!O52,"") | P54: =IF('Allgemeine Angaben'!$L$45>0,Gesamtkalkulation!P48*0.96/0.9,"") | Q54: =IF('Allgemeine Angaben'!$L$45>0,Gesamtkalkulation!Q52,"") | R54: =IF('Allgemeine Angaben'!$L$45>0,Gesamtkalkulation!R52*0.96/0.9,"") | S54: =IF('Allgemeine Angaben'!$L$45>0,Gesamtkalkulation!S52,"") | T54: =IF('Allgemeine Angaben'!$L$45>0,Gesamtkalkulation!T52*0.96/0.9,"") | V54: =IF('Allgemeine Angaben'!$L$45>0,Gesamtkalkulation!V52+0.03,"") | Y54: Zelle P52 | Z54: =WENN('Allgemeine Angaben'!D7="vst";RUNDEN(P12/$P$6+L50;2);WENN('Allgemeine Angaben'!D7<>"vst";Forderung!U72))
Y55: Zelle V52 | Z55: =WENN('Allgemeine Angaben'!D7="vst";V19-0,03;V19)
H57: gehe weiter zu Bewohnervertretung | Y57: bi/Formel in V52 angepasst, ohne Wenn-Funktion und Runden mit 2 Nachkommastellem
Y59: bi/ Zelle R52 + T52 Formel angepasst = => damit nicht 0 € Werte angezeigt werden
Y60: Formel R52 bisher: (RUNDEN(R38+R26+R16;2) Formel neu:=WENN(RUNDEN(R38+R26+R16;2)=0;"";RUNDEN(R38+R26+R16;2))
Y61: Formel T52 bisher: = (Runden(T26;2) Formel neu: = Wenn(T26=0;"";Runden(T26;2))

Sheet Bewohnervertretung
A1: Stellungnahme der Bewohnervertretung gem. § 85 (3) SGB XI | Q1: 43620
A2: (gilt nur für vollstationäre Pflegeeinrichtungen)
A3: ='Allgemeine Angaben'!A3:N3
B4: ='Allgemeine Angaben'!B4 | L4: ='Allgemeine Angaben'!K4 -> Antrag vom: | M4: ='Allgemeine Angaben'!L4 -> 0
Q5: bi/Kopfzeile angepasst in Zeile 4 - Bezüge zu Allgemeinen Angaben hergestellt
B6: Bewohnervertretung | L6: Bewohnerfürsprecher *
B8: * Im Sinne der besseren Lesbarkeit wurde stellvertretend für beide Geschlechtsformen durchgehend nur die männliche Form verwendet.
B10: a) | C10: Schriftliche Stellungnahme liegt vor
F12: Ja
F13: weitere Angaben unter c) oder als Anlage erforderlich
F15: Nein
F16: weitere Angaben unter b) erforderlich
B18: b) | C18: Begründung für Nichtvorlage der schriftlichen Stellungnahme
F20: Gelegenheit zur Stellungnahme wurde eingeräumt,
F21: Bewohnervertretung oder Bewohnerfürsprecher haben diese nicht wahrgenommen
F24: Bewohnervertretung oder Bewohnerfürsprecher nicht vorhanden,
F25: (schriftliche Mitteilung des Trägers der Einrichtung an die zuständige Behörde beifügen)
B29: c) | C29: Einbeziehung der Bewohnervertretung / des Bewohnerfürsprechers:
B31: Der vorliegende Antrag auf Abschluss einer neuen Pflegesatzvereinbarung, die zu einer Erhöhung der
B32: Entgelte für Pflege, Unterkunft, Verpflegung und des einrichtungseinheitlichen Eigenanteils in vollstationären
B33: Einrichtungen nach § 43 führen kann, wurde uns vom Einrichtungsträger vorgelegt und erläutert. Die dem
B34: Antrag zugrunde liegenden Einzelpositionen, der Umlagemaßstab sowie die Antragsbegründung wurden
B35: ausführlich dargestellt und auf die Möglichkeit an der Pflegesatzverhandlung teilzunehmen hingewiesen.
B37: Stellungnahme der Bewohnervertretung / des Bewohnerfürsprechers:
B63: Ort, Datum | K63: Unterschrift des Vorsitzenden der Bewohnervertretung
K64: oder des Bewohnerfürsprechers

Sheet Allgemeine Hinweise

Sheet Hinweise Sachaufwendungen
A1: Hinweise zu den Sachaufwendungen, Fremdleistungen und Leistungen des Trägers für die Pflegeeinrichtung | D1: 43678
D2: dtr 06.09.2019: Aufmerksamkeiten des Arbeitgebers unter Verwaltungsbedarf
A3: Anmerkung: Sofern als Art der Einrichtung "Wachkoma" gewählt wurde, ist die "Empfehlung zur Versorgung von Menschen im Wachkoma (Phase F) in vollstationären Einrichtungen nach dem SGB XI im Freistaat Sachsen" in der jeweils gültigen Fassung zu berücksichtigen. | D3: bi/ersatzloser Austausch der bisherigen Hinweise - Hinweise von vom 31.07.2019 eingefügt
A5: Definition: | B5: Fremdleistungen sind Leistungen durch Dritte.
B6: Leistungen des Trägers sind Leistungen, die nicht durch Personal der Einrichtung, sondern beim bzw. durch den Träger erbracht werden.
A8: Erhebliche Steigerungen zu den Aufwendungen des letzten abgeschlossenen Kalenderjahres sollen in den Erläuterungen zum Antrag als Anlage dargestellt und begründet werden.
A10: Sachkostenposition | B10: Inhalt (Aufzählungen sind nicht abschließend) | C10: Bemerkungen
A11: Lebensmittel | B11: - Lebensmittel | C11: - keine Sondennahrung
B12: - Getränke | C12: - keine Lebensmittel für Externe (Betreutes Wohnen, Kindergarten o.Ä.)
B13: - hochkalorische Lebensmittel | C13: - bei Fremdbezug der Verpflegung nur Lebensmittel, im Übrigen siehe Fremdleistung Küche
B14: - diätische Lebensmittel
B15: - Lebensmittelaufwand für fremdbezogene Verpflegung
A16: pflegerischer Bedarf | B16: - zum Verbrauch bestimmte Pflegehilfsmittel (z.B. Desinfektionsmittel, saugende Bettschutzeinlagen zum Einmalgebrauch, Schutzbekleidung wie Fingerlinge, Einmalhandschuhe, Mundschutz und Schutzschürzen) | C16: - kein Inkontinenzmaterial nach SGB V
B17: - soweit dem Pflegebedürftigen eine Beschaffung nicht möglich ist, Aufwand für einmalige Ausstattung mit geeigneten Standardprodukten für die Körperhygiene und Körperpflege (Duschgel, Zahnbürste, Zahnpasta) | C17: - keine sonstigen Hilfsmittel nach SGB V
B18: - Pflegedokumentation (auch Software) einschließlich Wartung und Pflege der Software (z.B. Updates, Hotlines) | C18: - aktivierungsfähige Pflegehilfsmittel (z.B. Antidekubitussysteme -sofern keine SGB V-Leistung-, Kopfwaschanlagen, Bettpfannen) werden über Investitionskosten finanziert
B19: - Fachliteratur "Pflege" | C19: - Anschaffung der Hardware der Pflegedokumentation über Investkosten
B20: - Erste-Hilfe-Ausstattung | C20: - kein Aufwand der Dauerversorgung für die übliche Körper- und Gesundheitspflege (z.B. Friseur, Monatshygiene, persönliche Toilettenartikel)
A21: Wasser / Energie / Brennstoffe | B21: - Wasserver- und Entsorgung (Kosten des Verbrauchs von Wasser und Kosten/Gebühren für die Entwässerung; keine Beiträge) | C21: - bei Mietverträgen: Betriebskosten
B22: - Energie (Elektrizität) | C22: - soweit Fremdleistungen in der Einrichtung erbracht werden, ist zur Zuordnung der Sachkostenanteile Stellung zu nehmen
B23: - Brennstoffe (Gas, Heizöl, Fernwärme, Kohle) | C23: - soweit durch die Einrichtung Leistungen für Dritte (z.B. Betreutes Wohnen, Kindergarten, Cafeteria) erbracht werden, sind die entsprechenden Kostenanteile abzuziehen
B24: - Kraftstoffe für Versorgungsfahrten | C24: - soweit mehrere Versorgungsangebote unter einem Dach vorgehalten werden, sind die Kosten entsprechend zuzuordnen
C25: - Kraftstoffe nicht für Fahrkosten der Tagespflege | D25: bi/ Zeile für FL Wäschekennzeichnung eingefügt + Bemerkung
A26: Verwaltungsbedarf | B26: - Büromaterial | C26: - hier nur den Verwaltungsbedarf der Einrichtung angeben, nicht aber der Zentralen Verwaltung
B27: - Bankgebühren (keine Zinsen)
B28: - Telefonkosten
B29: - Porto
B30: - Öffentlichkeitsarbeit
B31: - Personalbeschaffungskosten
B32: - Heimzeitung
B33: - Fachliteratur (nicht Pflege)
B34: - Reisekosten im Rahmen von Verwaltungsangelegenheiten
B35: - Aufmerksamkeiten des Arbeitgebers
A36: Zentrale Verwaltung | B36: - Rechts- und Steuerberatungskosten* | C36: siehe Fremdleistung Verwaltung
B37: - Geschäftsführung*
B38: - Zentraler Einkauf* | C38: * Der betriebsinterne Umlagenschlüssel auf die Einrichtung ist darzustellen!
B39: - Zentrale (Finanz-)Buchhaltung*
B40: - Zentrale Personalverwaltung und Gehaltsabrechnung*
B41: - Controlling*
B42: - Datenschutzbeauftragter*
B43: - Facilitymanagement*
B44: - Zentraler Verwaltungsbedarf*
B45: - Betriebsrat*
B46: - Verwaltungsumlage*
B47: - sonstige Kosten der Verwaltung des Trägers*
A48: Betreuungsaufwand | B48: - Aufwand für pflegebezogene Betreuung und Beschäftigung inkl. § 43b (z.B. Bastelbedarf, Tageszeitung, Spiele, Tierhaltung)
B49: - Aufwand für Gemeinschaftsveranstaltungen (z.B. Feiern, Geschenke, kulturelle Betreuung, Ausflüge, Freizeitgestaltung, Hausschmuck, Heimbücherei)
A50: Wirtschaftsbedarf | B50: - Wäschereinigungsmittel, Pflegemittel | C50: - wie steuerrechtliche Maßgaben:
B51: - Gebäude- und Raumreinigungsmittel | C51: < 250 € Wirtschaftsbedarf
B52: - Geschirrspülmittel | C52: > 250 € Investkosten
B53: - Flächendesinfektionsmittel
B54: - Seife
B55: - Toilettenpapier
B56: - Streusalz
B57: - Sachmittel Gartenpflege
B58: - Müllsäcke
B59: - nicht aktivierungsfähige Wirtschaftsgüter
A60: Steuern / Abgaben / Versicherungen | B60: - Steuern (Grundsteuer, KfZ-Steuer) | C60: - gilt nicht für Fahrzeuge im Rahmen der Tagespflege
B61: - Abgaben und Gebühren (z.B. GEZ, GEMA, Müllentsorgung, Straßenreinigung, TÜV, Schornsteinfeger, Aufschaltung der Brandmeldeanlagen)
B62: - Versicherungen (z.B. Gebäudehaftpflichtversicherung, KfZ-Versicherung, Betriebshaftpflichtversicherung, Elementarversicherung)
B63: - Verbandsbeiträge
A64: Wartung | B64: - Aufzug | C64: - keine Instandhaltung oder Instandsetzung
B65: - Pflegebetten und sonst. elektrische Geräte
B66: - Rufanlage
B67: - Pflegerollstühle, -rollatoren
B68: - Pflegebadewanne, -lifter
B69: - Kopierer
B70: - Brandschutz- und -meldeanlagen
B71: - Automatiktüren
B72: - Lüftungsanlagen
B73: - Telefonanlage
B74: - EDV-Anlage
B75: - technische Anlagen (z.B. Heizung)
A76: Sonstige Aufwendungen | B76: - Aufwandsentschädigung für ehrenamtliche Mitarbeiter (soweit nicht anderweitig finanziert)
B77: - sonstige nicht zuordenbare Kosten
A78: Fremdleistung Küche | B78: Gesamtkosten des externen Anbieters (keine Lebensmittel)
A79: Fremdleistung Wäsche | B79: Gesamtkosten des externen Anbieters
A80: Wäschekennzeichnung | B80: Aufwand für die bewohnerbezogene Wäschekennzeichnung | C80: unabhängig ob interne oder externe Leistung
A81: Fremdleistung Reinigung | B81: Gesamtkosten des externen Anbieters
A82: Fremdleistung Haustechnik | B82: Gesamtkosten des externen Anbieters, auch Winterdienst und Gartenpflege
A83: Fremdleistung Verwaltung | B83: Gesamtkosten der durch Dritte/Externe erbrachten Verwaltungsleistungen, z.B. Jahresabschlusskosten, Buchführung und Lohnrechnung, Rechtsberatung
A84: Fremdleistung Sonstiges | B84: Gesamtkosten des externen Anbieters, z.B. Wachdienst, externe Betreuungsleistungen (Tiertherapie), Rezeption, Servicemitarbeiter (Hauswirtschaft)

Sheet Adressverzeichnis
A1: Adressverzeichnis der Parteien der Pflegesatzvereinbarung gem. § 85 Abs. 2 SGB XI sowie von Vergütungen nach § 75 SGB XII | J1: Stand 08.05.2018
J2: Stand 7.6.18
A5: AOK PLUS - Die Gesundheitskasse für Sachsen und Thüringen | J5: GB Pflege/Häusliche Krankenpflege
A6: Geschäftsbereich Pflege/Häusliche Krankenpflege | J6: Bereich Vertragsmanagement Pflege/HKP
A7: Bereich Vertragsmanagement Pflege/HKP | J7: Team Vergütung Pflege/HKP
A8: Team Vergütung Pflege/HKP
A9: Müllerstraße 41
A10: 09113 Chemnitz
A12: IKK classic
A13: Postfach 10 02 51
A14: 01072 Dresden
A16: Knappschaft
A17: Regionaldirektion Chemnitz
A18: Jagdschänkenstraße 50
A19: 09117 Chemnitz
A21: Kommunaler Sozialverband Sachsen | G21: vereinbarungen-pflege@ksv-sachsen.de | J21: vereinbarungen-pflege@ksv-sachsen.de
A22: Humboldtstraße 18 | J22: Humboldtstraße 18
A23: 04105 Leipzig | J23: 04105 Leipzig
A25: Arbeitsgemeinschaft Betriebskrankenkassen
A27: BKK-Landesverband Mitte
A28: Landesrepräsentanz Sachsen
A29: Dr.-Külz-Ring 12
A30: 01219 Dresden
A32: Arbeitsgemeinschaft Ersatzkassen | G32: Mitglieder
A34: vdek - Landesvertretung Sachsen | G34: Techniker Krankenkasse (TK)
A35: Glacisstr. 4 | G35: Barmer
A36: 01099 Dresden | G36: DAK-Gesundheit
G37: Kaufmännische Krankenkasse - KKH
G38: Handelskrankenkasse (hkk)
G39: HEK - Hanseatische Krankenkasse
A42: Verband der Privaten Kranken-
A43: versicherung e.V.
A44: Glinkastr. 40
A45: 10117 Berlin

Sheet Versionsinfo
B2: Erläuterung der Änderungen gegenüber der Vorversion (Änderungshistorie)
A5: Datum der Änderung | B5: Tabellenblatt | C5: Zeile/Spalte | D5: Erläuterung der Änderung | E5: Hinweise für die Anwender
A6: 43745 | B6: Personalaufwendungen | C6: J57 | D6: Zelle entsperrt, Eintragung ermöglicht
B7: Personalkostenaufstellung | C7: N110:N116 | D7: Formel gelöscht, Zelle entsperrt, Eintragung ermöglicht
A8: 43833 | B8: Versionsinfo | D8: ausgeblendet (unnötigen Ausdruck vermeiden)
A9: 43845 | B9: Belegung | C9: F26 bis F31 | D9: Schreibschutz entfernt

Sheet KAT
A1: Einrichtungsart | B1: Kreuz | C1: Tage/Monat | D1: Öffnungstage | E1: Auslastung | F1: Ja/Nein | G1: AN-Typ | J1: 43599 | K1: 43605 | L1: 43691
A2: vollstationäre Pflege | B2: x | C2: 30.42 | D2: 365 | E2: 1 | F2: ja | G2: "GfB" | J2: bi/Spalte A_ Einrichtungsarten: | L2: teilstationäre Pflege und Kurzzeitpflege entfernt
A3: Wohnpflegeheim | C3: 26 | D3: 312 | E3: 0.99 | F3: nein
A4: Wachkoma | C4: 20.83 | D4: 250 | E4: 0.98
A5: 4. Generation | E5: 0.97
E6: 0.96
E7: 0.95
E8: 0.94
E9: 0.93
E10: 0.92
E11: 0.91
E12: 0.9
E13: 0.89
E14: 0.88
E15: 0.87
E16: 0.86
E17: 0.85
A21: Berechnung der Belegungsmonate - letzten 6 Monate vor Stichtag | J21: bi/Berechnungstabelle für die Herleitung der letzten 6 Kalendermonate vor Stichtag
A22: Stichtag: | B22: =IF(Belegung!D16="","",Belegung!D16) | D22: Tage des Stichtagsmonates | F22: =IFERROR(DAY(B22),"") | J22: bi/ Korrektur der Berechnung der letzten 6 Kalendermonate vor Stichtag
A23: erster des Stichtagsmonates: | C23: =IFERROR(IF(F22=1,B22,B22-F22+1),"") | J23: Problem: Excel rechnet mit 360 Tagen/Jahr,
A24: Monat 1 vor Stichtag | B24: 1 | C24: =IFERROR(DATE(YEAR($C$23),MONTH($C$23)-B24,DAY($C$23)),"") | D24: =TEXT(C24,"MMMM JJJJ") | J24: Lösung: | K24: 1. Abbildung der Tage vom 1. des Stichtagsmonates bis zum Stichtag
A25: Monat 2 vor Stichtag | B25: 2 | C25: =IFERROR(DATE(YEAR($C$23),MONTH($C$23)-B25,DAY($C$23)),"") | D25: =TEXT(C25,"MMMM JJJJ") | K25: Formel in F22: =Tag(B22) (B22=Stichtag)
A26: Monat 3 vor Stichtag | B26: 3 | C26: =IFERROR(DATE(YEAR($C$23),MONTH($C$23)-B26,DAY($C$23)),"") | D26: =TEXT(C26,"MMMM JJJJ") | K26: 2. Abbildung des 1. Kalendertages vom Stichtagsmonat JJJJ
A27: Monat 4 vor Stichtag | B27: 4 | C27: =IFERROR(DATE(YEAR($C$23),MONTH($C$23)-B27,DAY($C$23)),"") | D27: =TEXT(C27,"MMMM JJJJ") | K27: Formel in C23: =Wenn(F22=1;B22;B22-F22+1)
A28: Monat 5 vor Stichtag | B28: 5 | C28: =IFERROR(DATE(YEAR($C$23),MONTH($C$23)-B28,DAY($C$23)),"") | D28: =TEXT(C28,"MMMM JJJJ") | K28: also wenn der Stichtag der 1. Tag im Monat ist, dann bilde den Stichtag ab
A29: Monat 6 vor Stichtag | B29: 6 | C29: =IFERROR(DATE(YEAR($C$23),MONTH($C$23)-B29,DAY($C$23)),"") | D29: =TEXT(C29,"MMMM JJJJ") | K29: ansonsten rechne vom Stichtag die Tage bis zum 1. Kalendertag des Stichtagsmonates zurück
K30: 3. rechne vom Stichtagsmonatsbeginn jeweils 1 bis 6 Monate zurück in Zelle C24 bis C29
B31: Belegung | C31: PR | D31: VK nach PR | E31: % Ansatz für Verteilung Pkosten Pflege | F31: PK-Pflege | J31: bi/ bei leeren Antrag werden dann in der Belegung die Monate mit "#Wert!" angeben, deshalb
A32: Pflegegrad 1 | B32: =Belegung!E26 -> 0 | C32: =Forderung!J9 -> 0 | D32: =B32/C32 -> #DIV/0! | E32: =D32/$D$37 -> #DIV/0! | F32: =E32*$F$39 -> #DIV/0! | J32: zusätzlich eine Wennfunktion eingefügt = Wenn Stichtag leer, dann anderen Felder der Tabelle A21 bis F29 auch leer
A33: Pflegegrad 2 | B33: =Belegung!E27 -> 0 | C33: =Forderung!J11 -> 0 | D33: =B33/C33 -> #DIV/0! | E33: =D33/$D$37 -> #DIV/0! | F33: =E33*$F$39 -> #DIV/0! | J33: in Zellen B22;F22;C23 bis C29 = zu den bestehenden Formeln ein Wennfehler(bestehende Formel;"") eingefügt
A34: Pflegegrad 3 | B34: =Belegung!E28 -> 0 | C34: =Forderung!J13 -> 0 | D34: =B34/C34 -> #DIV/0! | E34: =D34/$D$37 -> #DIV/0! | F34: =E34*$F$39 -> #DIV/0!
A35: Pflegegrad 4 | B35: =Belegung!E29 -> 0 | C35: =Forderung!J15 -> 0 | D35: =B35/C35 -> #DIV/0! | E35: =D35/$D$37 -> #DIV/0! | F35: =E35*$F$39 -> #DIV/0!
A36: Pflegegrad 5 | B36: =Belegung!E30 -> 0 | C36: =Forderung!J17 -> 0 | D36: =B36/C36 -> #DIV/0! | E36: =D36/$D$37 -> #DIV/0! | F36: =E36*$F$39 -> #DIV/0!
A37: Summe: | B37: =SUM(B32:B36) -> 0 | D37: =SUM(D32:D36) -> #DIV/0! | E37: 1 | F37: =SUM(F32:F36) -> #DIV/0!
A38: PDL lt. TAB Personalaufw. | D38: =Personalaufwendungen!H12 -> 0
A39: Gesamt VK Pflege inkl PDL/stellv. | D39: =SUM(D37:D38) -> #DIV/0! | F39: =Gesamtkalkulation!D17 -> #VALUE!
